Cogmind - Beta 17 @@@ ROGUE MODE // 2026.07.24 @ 06:51:52 Player: cxt100s Result: Establishing 0b11! Performance ------------- Evolutions (9) 4500 Regions Visited (29) 5800 Robots Destroyed (704) 3520 Value Destroyed (33558) 33558 Prototype IDs (367) 7340 Alien Tech Used (0) 0 Bonus (36412) 36412 TOTAL SCORE: 91130 Bonus ------- High Alert Combat Kills 2384 Follower Combat Kills 2559 Entered Garrisons 1800 Used RIF Installer 4000 Built Enhanced Grunts 300 Met R17 at Cetus 500 Met R17 at Research 2000 Destroyed MAIN.C Guards 500 Met MAIN.C 5000 Destroyed MAIN.C Shell 5000 Destroyed MAIN.C 10000 Win 3000 Friendly Fire -631 Cogmind --------- Core Integrity 1196/1600 Matter 300/300 Energy 534/550 System Corruption 48% Temperature Cool (10) Movement Treading (240) Ox1 Location 0b11 Command Parts ------- > --- POWER (2) -------- Reinforced Antimatter Reactor (fused) Reinforced Antimatter Reactor (fused) > --- PROPULSION (6) --- Improved Medium Treads Improved Medium Treads Heavy Treads Heavy Treads > --- UTILITY (12) ----- Advanced Heat Sink Advanced Cooling System Huge Storage Unit Advanced Targeting Computer Advanced Targeting Computer Advanced Target Analyzer Experimental Core Analyzer Improved Armor Integrity Analyzer Layered Medium Armor Plating Centrium Medium Armor Plating Graphene Brace > --- WEAPON (5) ------- Hardcell Cannon Enhanced Hardcell Cannon Enhanced Hardcell Cannon Enhanced Hardcell Cannon Enhanced Hardcell Cannon > --- INVENTORY (25) --- Medium Treads Medium Treads Advanced Medium Treads Advanced Medium Treads Advanced Medium Treads Compact Wheel Advanced Cooling System High-capacity Matter Pod (200) Matter Compressor (250) High-powered Tractor Beam Long-range Tractor Beam Gamma Rifle Gamma Rifle Gamma Rifle Battle Rifle Battle Rifle Heavy Machine Gun Linear Accelerator Enhanced Hardcell Cannon Fusion Bomb Launcher Peak State ------------ > --- POWER ------------ Light Quantum Reactor Reinforced Quantum Reactor > --- PROPULSION ------- Medium Treads Medium Treads Heavy Treads Biometal Heavy Treads > --- UTILITY ---------- Advanced Cooling System Huge Storage Unit Advanced Salvage Targeting Computer Advanced Targeting Computer Experimental Core Analyzer Improved Armor Integrity Analyzer Improved Kinecellerator Improved Utility Shielding Centrium Medium Armor Plating Graphene Brace Advanced Force Field Point Defense System > --- WEAPON ----------- KE Penetrator KE Penetrator KE Penetrator Enhanced Hardcell Cannon Enhanced Hardcell Cannon > --- INVENTORY -------- Particle Reactor Quantum Reactor Light Quantum Reactor Medium Treads Medium Treads Advanced Heavy Siege Treads Advanced Cooling System Matter Compressor Advanced Target Analyzer Improved Utility Shielding Centrium Medium Armor Plating Long-range Tractor Beam Gamma Rifle Gamma Rifle Gamma Rifle Gamma Rifle KE Penetrator Railgun Enhanced Hardcell Cannon Enhanced Hardcell Cannon Enhanced Hardcell Cannon Enhanced Hardcell Cannon Fusion Bomb Launcher Improved Plasma Cutter [Rating: 182] Favorites ----------- Power Heavy Ion Engine Engine Heavy Ion Engine Power Core Fission Core Reactor Reinforced Quantum Reactor Propulsion Light Treads Treads Light Treads Leg Aluminum Leg Wheel Wheel Utility Huge Storage Unit Device Seismic Detector Storage Huge Storage Unit Processor Core Analyzer Hackware Relay Coupler [Grunt] Protection Centrium Medium Armor Plating Weapon Autogun Energy Gun Medium Laser Ballistic Gun Autogun Ballistic Cannon Enhanced Hardcell Cannon Launcher Precision Rocket Launcher Special Weapon Advanced Remote Datajack Impact Weapon Great Maul Special Melee Weapon Datajack Build | -11 -10 -10 -9 -9 -9 -8 -8 -8 -8 -7 -7 -7 -7 -6 -6 -5 -5 -4 -4 -4 -4 -4 -3 -3 -3 -2 -2 -1 -1 ------- Run | Yrd Mat Min Mat Sto Gar Mat Gar Mat Gar Fac Gar Fac Gar Fac Gar Fac Gar Fac Ext Cet Arc Hub Res Tes Gar Res Gar Acc Com Slots Evolved 18 | . . . 2 . . 2 . . . 2 . . . 2 . 2 . 2 . . . . 2 . . 2 . 2 . Power 1 | . . . . . . . . . . . . . . . . . . . . . . . 1 . . . . . . Propulsion 4 | . . . 1 . . . . . . 1 . . . . . . . 1 . . . . . . . . . 1 . Utility 10 | . . . . . . 1 . . . 1 . . . 2 . 1 . 1 . . . . 1 . . 2 . 1 . Weapon 3 | . . . 1 . . 1 . . . . . . . . . 1 . . . . . . . . . . . . . Parts Attached 459 | 3 15 3 32 19 8 28 6 16 5 13 3 3 12 16 8 17 46 20 24 13 . 15 11 17 20 9 5 24 48 Power 43 | . 4 . 3 1 . 3 1 . . 2 . 1 1 1 . 1 4 1 2 1 . 1 3 3 2 . . 3 5 Engine 15 | . 4 . 3 1 . 3 1 . . 1 . 1 1 . . . . . . . . . . . . . . . . Core 8 | . . . . . . . . . . 1 . . . 1 . 1 4 . . . . . . . 1 . . . . Reactor 20 | . . . . . . . . . . . . . . . . . . 1 2 1 . 1 3 3 1 . . 3 5 Propulsion 123 | 2 4 1 10 9 4 9 1 10 1 6 2 1 3 4 2 4 11 3 8 5 . . 1 3 4 2 . 4 9 Treads 119 | 2 1 . 10 9 4 9 1 10 1 6 2 1 3 4 2 4 11 3 8 5 . . 1 3 4 2 . 4 9 Leg . | . . . . . . . . . . . . . . . . . . . . . . . . . . . . . . Wheel 4 | . 3 1 . . . . . . . . . . . . . . . . . . . . . . . . . . . Hover . | . . . . . . . . . . . . . . . . . . . . . . . . . . . . . . Flight . | . . . . . . . . . . . . . . . . . . . . . . . . . . . . . . Utility 137 | 1 3 1 4 1 . 9 2 3 3 3 . . 4 5 5 6 11 9 9 3 . 7 6 4 6 4 4 6 18 Device 61 | 1 2 . 2 . . 5 1 1 2 2 . . . 1 . 2 3 3 6 . . 3 5 3 4 3 . 5 7 Storage 6 | . 1 . 1 . . . . 1 . . . . . . . 1 . 1 . . . 1 . . . . . . . Processor 14 | . . . . . . . . . . 1 . . . 1 2 . 1 . . . . 2 1 1 . 1 . . 4 Hackware 20 | . . . . . . . . . . . . . 4 . 3 2 3 2 1 . . 1 . . 1 . 3 . . Protection 36 | . . 1 1 1 . 4 1 1 1 . . . . 3 . 1 4 3 2 3 . . . . 1 . 1 1 7 Artifact . | . . . . . . . . . . . . . . . . . . . . . . . . . . . . . . Weapon 156 | . 4 1 15 8 4 7 2 3 1 2 1 1 4 6 1 6 20 7 5 4 . 7 1 7 8 3 1 11 16 Energy Gun 4 | . 1 . . . . . . . . . . . . . . . . . . . . . . . . . . . 3 Energy Cannon . | . . . . . . . . . . . . . . . . . . . . . . . . . . . . . . Ballistic Gun 112 | . . . 12 5 4 6 2 2 1 2 1 . 3 4 1 5 18 3 5 4 . 6 . 7 5 2 1 10 3 Ballistic Cannon 20 | . 2 . 3 . . . . . . . . . . . . . . 3 . . . . 1 . 2 . . . 9 Launcher 7 | . . 1 . 1 . . . . . . . 1 . 1 . . 1 . . . . 1 . . 1 . . . . Special Weapon 10 | . 1 . . 1 . . . . . . . . 1 1 . 1 1 1 . . . . . . . 1 . 1 1 Impact Weapon 2 | . . . . 1 . 1 . . . . . . . . . . . . . . . . . . . . . . . Slashing Weapon . | . . . . . . . . . . . . . . . . . . . . . . . . . . . . . . Piercing Weapon . | . . . . . . . . . . . . . . . . . . . . . . . . . . . . . . Special Melee Weapon 1 | . . . . . . . . 1 . . . . . . . . . . . . . . . . . . . . . Unidentified Prototypes 11 | . . . 2 1 . . . . . . . 1 . 1 . . . . . 3 . 1 . 1 1 . . . . Corrupted Parts 1 | . . . . . . . . . . . . . . . . . . . . . . 1 . . . . . . . System Corruption 3 | . . . . . . . . . . . . . . . . . . . . . . 3 . . . . . . . Parts Lost 86 | . 6 . 4 . 3 2 . . . 1 . . 2 . 1 2 18 2 5 1 . 1 . 14 2 . . 1 21 Power 6 | . 1 . . . . 1 . . . . . . . . . . . . . . . . . 2 . . . . 2 Propulsion 20 | . 2 . 2 . 1 . . . . . . . 2 . . . 3 . 1 . . . . 3 1 . . 1 4 Utility 27 | . 2 . 1 . . . . . . . . . . . 1 2 6 1 3 . . 1 . 1 . . . . 9 Weapon 33 | . 1 . 1 . 2 1 . . . 1 . . . . . . 9 1 1 1 . . . 8 1 . . . 6 Highest Loss Streak 12 | . 2 . 2 . 2 1 . . . 1 . . 1 . 1 1 9 1 2 1 . 1 . 10 2 . . 1 12 To Critical Strikes 1 | . . . 1 . . . . . . . . . . . . . . . . . . . . . . . . . . Average Backups 22 | 3 8 10 20 24 24 24 24 24 25 24 24 25 24 24 23 22 24 23 23 22 22 21 21 21 23 22 22 23 20 Power 1 | 1 . 1 1 2 2 2 1 2 2 2 2 2 2 2 1 1 2 2 2 2 2 1 1 1 1 1 1 1 . Propulsion 4 | 1 1 3 4 6 5 5 4 4 5 4 4 4 3 2 3 3 5 4 4 3 3 3 3 2 1 2 3 2 4 Utility 7 | . 1 2 4 5 7 9 9 9 9 9 10 10 10 10 9 8 7 8 9 8 9 8 7 9 12 9 9 8 6 Weapon 7 | 1 3 4 9 11 8 6 7 7 7 6 6 6 7 7 6 7 7 7 6 6 6 7 7 6 5 6 7 9 7 Tool/Special . | . . . . . . . . . . . . . . . . . . . . . . . . . . . . . . Unused Backups 100 | 9 7 . 10 3 . 5 . . 1 2 2 1 2 4 10 4 4 . 1 . . 4 2 . 6 . 1 . 22 Power 14 | 1 4 . 2 . . . . . . 1 . . . 1 . . 1 . . . . . . . 2 . . . 2 Propulsion 17 | 5 . . 1 2 . . . . . . . . . . 2 1 1 . . . . . . . . . . . 5 Utility 38 | 1 1 . 3 . . 4 . . 1 1 1 1 . . 8 1 1 . 1 . . 2 2 . 4 . 1 . 5 Weapon 31 | 2 2 . 4 1 . 1 . . . . 1 . 2 3 . 2 1 . . . . 2 . . . . . . 10 Tool/Special . | . . . . . . . . . . . . . . . . . . . . . . . . . . . . . . Average Slot Usage (%) 95 | . 99 100 99 99 98 97 100 100 98 98 100 99 100 99 90 89 92 92 94 88 89 88 89 88 89 90 90 91 89 Engine 5 | . 13 14 11 10 11 6 9 9 9 6 7 7 7 1 . . . . . . . . . . . . . . . Reactor 2 | . . . . . . . . . . . . . . . . . . 4 5 5 5 5 9 8 5 4 4 7 7 Treads 23 | . 12 14 32 32 33 27 27 27 27 30 30 30 30 26 18 12 16 21 21 14 15 15 13 13 13 13 13 16 16 Device 9 | . 13 13 9 5 . 10 9 9 9 7 15 15 8 6 6 10 9 8 9 10 10 10 13 11 9 13 13 14 12 Storage 7 | . 14 14 11 11 11 9 9 9 9 7 7 7 7 6 6 5 5 5 5 5 5 5 4 4 4 4 4 4 4 Processor 6 | . . . . . . . . . . 5 7 7 7 9 10 5 10 10 10 10 10 10 13 14 14 13 13 12 18 Hackware 4 | . . . . . . . . . . . . . 6 13 13 12 8 7 9 10 10 8 9 9 9 13 14 16 2 Protection 4 | . . . 1 5 10 7 8 9 8 6 . . . 2 1 4 2 7 5 5 5 5 . 1 3 3 2 1 8 Ballistic Gun 24 | . 8 . 26 29 29 34 34 34 31 30 26 28 29 25 24 26 27 22 24 26 26 24 21 21 21 19 16 15 4 Ballistic Cannon 3 | . 10 27 6 . . . . . . . . . . . . . . 2 . . . . 1 . 1 1 3 3 13 Peak Build Rating 182 | 7 8 8 19 23 24 30 35 40 47 52 54 52 55 64 79 90 100 104 106 130 130 139 149 150 153 155 156 167 182 Average Rating 70 | 6 7 8 15 18 18 24 33 33 42 44 50 49 50 56 65 85 86 97 86 123 130 131 140 143 140 150 151 162 165 On Entrance 73 | 6 7 8 8 18 21 18 29 35 40 41 49 48 48 54 54 77 84 94 100 102 130 130 133 141 146 131 148 148 165 Avg Prop Armor Cover (%) 10 | 10 10 10 10 . . . . . . . . . . . . . . . . . . . . . . . . . . Naked Turns . | . . . . . . . . . . . . . . . . . . . . . . . . . . . . . . Heaviest Build 236 | 13 22 22 103 103 98 112 111 114 119 115 117 113 114 123 118 129 127 155 151 136 136 151 151 158 177 194 193 192 236 Greatest Support 206 | 20 40 10 60 60 60 60 60 72 72 99 102 94 96 104 150 150 140 156 168 187 187 187 187 187 188 178 178 206 201 Greatest Overweight (x) 2 | . 2 2 2 2 1 1 1 1 1 1 1 1 1 1 1 1 1 1 1 . . . . . . 1 1 1 2 Average Overweight (x) . | . . 2 . 1 1 1 1 1 1 1 1 1 1 1 . . . . . . . . . . . . . . . Largest Inventory Capacity 25 | 8 10 10 25 25 25 25 25 25 25 25 25 25 25 25 25 25 25 25 25 25 25 25 25 25 25 25 25 25 25 Average Capacity 23 | 8 9 10 21 25 25 25 25 25 25 25 25 25 25 25 25 25 25 25 25 25 25 25 25 25 25 25 25 25 25 Most Carried 25 | 6 10 10 25 25 25 25 25 25 25 25 25 25 25 25 25 25 25 25 25 25 25 25 25 25 25 25 25 25 25 Average Carried 23 | 3 8 10 20 24 24 24 24 24 24 24 24 24 24 24 24 24 24 23 24 24 25 24 24 23 24 24 24 24 21 Final Capacity 25 | 8 10 10 25 25 25 25 25 25 25 25 25 25 25 25 25 25 25 25 25 25 25 25 25 25 25 25 25 25 25 Final Carried 25 | 5 10 10 25 25 25 25 25 25 25 25 25 25 25 25 25 25 25 23 25 25 25 25 25 24 25 25 25 25 20 Class Distribution -------------------- 25% | Scavenger-Tank 22% | Botlord-Tank 14% | Scavenger-Gunner 7% | Botlord-Gunner 5% | Mutant 5% | Gunner 5% | Bothacker-Gunner 4% | Bothacker-Tank 3% | Tank 3% | Scavenger-Skirmisher Dominant Class ---------------- Mutant | -10/Materials Mutant | -10/Mines Scavenger-Gunner | -9/Materials Gunner | -9/Storage Scavenger-Tank | -9/Garrison Scavenger-Tank | -8/Materials Scavenger-Tank | -8/Garrison Scavenger-Tank | -8/Materials Tank | -8/Garrison Scavenger-Gunner | -7/Factory Bothacker-Gunner | -7/Garrison Bothacker-Gunner | -7/Factory Bothacker-Gunner | -7/Garrison Botlord-Gunner | -6/Factory Botlord-Tank | -6/Garrison Botlord-Tank | -5/Factory Botlord-Tank | -5/Garrison Botlord-Tank | -4/Factory Botlord-Tank | -4/Extension Botlord-Tank | -4/Cetus Botlord-Tank | -4/Archives Botlord-Tank | -4/Hub_04(d) Scavenger-Skirmisher | -3/Research Scavenger-Tank | -3/Testing Bothacker-Tank | -3/Garrison Botlord-Tank | -2/Research Botlord-Tank | -2/Garrison Botlord-Tank | -1/Access Scavenger-Gunner | -1/Command Resources | -11 -10 -10 -9 -9 -9 -8 -8 -8 -8 -7 -7 -7 -7 -6 -6 -5 -5 -4 -4 -4 -4 -4 -3 -3 -3 -2 -2 -1 -1 ----------- Run | Yrd Mat Min Mat Sto Gar Mat Gar Mat Gar Fac Gar Fac Gar Fac Gar Fac Gar Fac Ext Cet Arc Hub Res Tes Gar Res Gar Acc Com Matter Collected 37148 | 290 659 193 1822 1232 546 1771 1001 1196 1055 376 713 388 1218 1145 879 2028 1778 1050 2047 419 80 1203 737 1188 1978 713 1202 2714 5527 Remotely 8586 | . . . . . . . . . . . . . . . . . 606 460 . . . 194 200 774 1501 315 980 1399 2157 Salvage Created 37262 | 193 883 182 1787 1517 574 2112 1318 1149 561 394 538 559 1460 921 993 2387 1374 1124 3200 286 202 1825 248 1131 1512 490 788 3133 4421 Parts 2055 | 10 46 13 118 90 31 107 68 77 33 24 23 18 94 43 41 139 103 78 166 17 8 79 18 67 83 42 42 172 205 Haulers Intercepted 23 | . 2 . 5 1 . 5 . . . . . 1 . 3 . 1 . . 3 . . . . . . . . 2 . Recyclers Shooed 26 | 1 1 . 2 1 . 3 . 2 . . . . . 1 . 6 . 2 1 . . . . . . 1 . 2 3 Parts Field Recycled . | . . . . . . . . . . . . . . . . . . . . . . . . . . . . . . Retrieved Matter . | . . . . . . . . . . . . . . . . . . . . . . . . . . . . . . Parts Self-Destructed . | . . . . . . . . . . . . . . . . . . . . . . . . . . . . . . Prevented . | . . . . . . . . . . . . . . . . . . . . . . . . . . . . . . Parts Restored . | . . . . . . . . . . . . . . . . . . . . . . . . . . . . . . Kills | -11 -10 -10 -9 -9 -9 -8 -8 -8 -8 -7 -7 -7 -7 -6 -6 -5 -5 -4 -4 -4 -4 -4 -3 -3 -3 -2 -2 -1 -1 ------- Run | Yrd Mat Min Mat Sto Gar Mat Gar Mat Gar Fac Gar Fac Gar Fac Gar Fac Gar Fac Ext Cet Arc Hub Res Tes Gar Res Gar Acc Com Combat Hostiles Destroyed 530 | . 15 7 44 22 18 24 30 25 18 7 14 4 27 7 8 22 30 19 29 3 2 20 5 15 24 6 18 36 31 Melee 4 | . . . . . 3 . . . . . . . . . . . . . . . . 1 . . . . . . . Guns 407 | . 13 . 21 20 10 24 19 25 12 7 9 4 27 7 8 22 27 14 27 3 2 17 5 15 19 6 8 27 9 Cannons 70 | . 2 4 18 2 . . . . . . . . . . . . . 5 2 . . . . . . . 9 9 19 AOE 45 | . . 3 5 . 4 . 11 . 6 . 5 . . . . . 3 . . . . 2 . . 5 . 1 . . Classes Destroyed 23 | 2 4 1 2 . 1 4 1 1 1 . . . . . . . 2 . . . . 1 . 3 . . . . . Worker 44 | . 3 1 1 1 . 4 . 4 . . . 2 . 1 . 6 . 5 1 . . 9 . . . . . 3 3 Builder 28 | . . . 1 . . 1 . 2 . . . . . 1 . 9 . 1 3 . . 3 2 4 . . . 1 . Tunneler 13 | 5 1 . 1 . . . . . . . . 1 . . . 1 . . 3 . . 1 . . . . . . . Hauler 23 | . 2 . 5 1 . 5 . . . . . 1 . 3 . 1 . . 3 . . . . . . . . 2 . Recycler 37 | 1 2 . 2 7 . 6 . . . . . 3 . 2 . 6 . 1 2 . . 1 . . . . . 2 2 Mechanic 1 | . . . . . . . . . . . . . . . . . . . . . . . . 1 . . . . . Operator 2 | . . . . . . 1 . . . . . . . . . . . . . . . 1 . . . . . . . Watcher 21 | . 3 . 5 2 . 2 . 1 . . . . . . . 3 . . . 1 . . . 1 . . . 1 2 Swarmer 116 | . . 3 16 3 6 . . 8 4 1 6 . . 1 5 4 17 9 3 . . 3 5 5 7 . 10 . . Cutter 4 | . . . . . . . . . 1 . . . . . . . . . . . . . . . . . 3 . . Saboteur 2 | . . . . . . . . . . . . . . . . . 1 . . . . 1 . . . . . . . Grunt 176 | . 15 4 20 9 5 13 24 6 6 . 6 3 9 . 1 3 3 4 16 . . 8 . . 10 . 3 2 6 Brawler 9 | . . . . . . 1 1 1 . . 1 . 3 . 1 . . . . . . 1 . . . . . . . Duelist 12 | . . . . . . 1 2 1 . . 1 . 3 . . . . . 1 . . 2 . . 1 . . . . Protector 1 | . . . . . . . . . . . . . . . . . . . . . . 1 . . . . . . . Sentry 76 | . . . 8 10 5 8 1 7 2 3 . 1 2 2 . 3 6 1 6 . 2 2 . 1 2 2 . . 2 Specialist 4 | . . . . . . . 1 . 1 . . . . . . . . . . . . . . . . . . 2 . Hunter 26 | . . . . . . 1 1 1 1 1 . . . . . 2 1 . . . . 2 . 4 . . . 10 2 Programmer 86 | . . . . . 2 . . . 3 2 . . 9 4 1 10 1 5 . . . . . 2 3 4 2 22 16 Heavy 1 | . . . . . . . . 1 . . . . . . . . . . . . . . . . . . . . . Behemoth 5 | . . . . . . . . . . . . . . . . . 1 . 2 . . 1 . . 1 . . . . Cetus Guard 3 | . . . . . . . . . . . . . . . . . . . . 3 . . . . . . . . . M Guard 1 | . . . . . . . . . . . . . . . . . . . . . . . . . . . . . 1 Enhanced Grunt 1 | . . . . . . . . . . . . . . . . . . . . . . 1 . . . . . . . Combat Programmer 2 | . . . . . . . . . . . . . . . . . . . . . . . . . . . . . 2 Striker 2 | . . . . . . . . . . . . . . . . . . . . . . . . 2 . . . . . Alpha 7 1 | . . . . . . . . . . . . . . . . . . . . . . . . 1 . . . . . Thug 3 | . . . . . . . 1 . . . . . . . . . . . 2 . . . . . . . . . . Guerrilla 2 | . . . . . . . . . . 1 . . 1 . . . . . . . . . . . . . . . . Best Kill Streak 18 | 6 4 3 5 6 7 3 9 5 10 1 5 3 7 1 3 5 9 8 7 3 2 18 6 11 6 2 11 6 6 Combat Bots Only 11 | . 3 3 4 3 7 3 9 3 10 1 5 2 7 1 3 4 9 5 6 2 2 10 5 7 6 2 11 5 4 Max Kills in Single Turn 5 | 1 1 2 3 1 2 2 2 2 3 1 2 2 2 1 2 3 3 3 2 1 1 5 2 2 3 1 2 2 2 Gunslinging 2 | . . . . . . . 1 1 . . . . 1 . 1 . 2 1 1 . . 1 . 1 . . . . . Exploded 3 | . . 2 3 . 2 . 2 . 3 . 2 . . . . . 3 . . . . 1 . . 3 . 1 . . Melee 1 | . . . . . 1 . . . . . . . . . . . . . . . . 1 . . . . . . . Uniques/NPCs Destroyed 2 | . . . . . . . . . . . . . . . . . . . . . . . . . . . . . 2 MAIN.C Shell (-1/Command) MAIN.C (-1/Command) Combat | -11 -10 -10 -9 -9 -9 -8 -8 -8 -8 -7 -7 -7 -7 -6 -6 -5 -5 -4 -4 -4 -4 -4 -3 -3 -3 -2 -2 -1 -1 -------- Run | Yrd Mat Min Mat Sto Gar Mat Gar Mat Gar Fac Gar Fac Gar Fac Gar Fac Gar Fac Ext Cet Arc Hub Res Tes Gar Res Gar Acc Com Hostile Shots Fired 2998 | . 90 18 144 82 193 84 60 78 80 82 28 27 120 84 40 92 264 117 126 24 6 80 22 252 149 25 59 211 361 Missed 790 | . 22 5 41 18 56 26 14 28 26 26 11 11 38 39 8 28 38 44 36 13 . 26 5 39 33 5 19 54 81 Intercepted 3 | . . . . . . . . . . . . . . . . . . . . . . . . . . . . . 3 Hits 2208 | . 68 13 103 64 137 58 46 50 54 56 17 16 82 45 32 64 226 73 90 11 6 54 17 213 116 20 40 157 280 Melee 50 | . . . . . . 5 3 . . . . . 9 . 2 . . . . . . 5 . 20 2 . 4 . . Projectile 2158 | . 68 13 103 64 137 53 43 50 54 56 17 16 73 45 30 64 226 73 90 11 6 49 17 193 114 20 36 157 280 AOE 19 | . . . . . . . . . 2 . . . . . . . . . . . . . . . . . 2 . 15 Critical Strikes 107 | . 2 4 3 2 5 2 . 2 1 . . . 7 3 . . 13 2 5 2 . 6 . 16 6 1 2 7 16 Actively Blocked 32 | . . . . . . . . . . . . . 3 . . . 4 1 . . . 1 . 9 1 . 2 . 11 Part Disruptions 10 | . . . . . . . . . . . . . . 1 . . 1 . . . . . . . . . . 1 7 Damage Taken 39480 | . 944 194 1182 935 1489 986 714 636 600 458 175 149 1179 510 394 989 4631 1226 1896 283 155 1451 378 5317 2009 502 501 1883 7714 Core 2663 | . 194 15 140 67 175 97 69 48 28 27 26 . 95 39 37 98 341 74 129 . . 78 23 217 115 60 67 149 255 Absorbed by Shields 6012 | . . . . . 226 8 13 164 217 76 84 36 162 114 134 310 94 . 154 121 . . . 14 650 165 522 1595 1153 Reduced by Siege Mode 1449 | . . . . . . . . . . . . . . . . 30 245 25 6 . . . 18 500 86 . 19 81 439 Redirected to Shielding 259 | . . . . . 34 . . . . . . . . . . . . . . . . . . . . . . . 225 Ignored by Resistances 767 | . . . . . . . . . . . . . . . . . . . . . . . . . . . . . 767 Regen/Repaired (Parts) 1024 | . . . . 327 . 103 . . . 116 . . . 265 . . . . . . . . . 172 . . . . 41 Core Remaining (%) 64 | 100 . 16 . . 4 . . . 56 . . . 78 . 91 . 56 . . . . 75 . . 72 . 91 . 74 Volleys Fired 1571 | 20 93 14 109 57 31 79 69 43 42 16 36 10 66 33 57 57 65 41 76 12 4 48 16 38 67 17 34 108 213 Largest 5 | 2 2 2 3 3 3 4 4 4 4 4 4 4 4 4 4 5 5 5 5 5 5 5 5 5 5 5 5 5 5 Hottest 287 | 70 100 60 93 93 69 101 106 106 106 106 111 111 119 116 113 153 153 230 195 166 163 173 173 178 165 188 183 186 287 Shots Fired 5041 | 40 179 25 322 171 69 310 197 162 111 58 77 40 208 115 159 231 263 161 339 60 21 159 52 147 206 66 130 390 573 Gun 4388 | 40 134 . 229 163 62 310 190 162 107 58 70 40 205 112 151 219 258 128 325 60 21 141 45 142 196 58 101 290 371 Cannon 542 | . 40 22 91 8 . . . . . . . . . . . . . 28 12 . . 2 7 1 6 7 25 93 200 Launcher 42 | . . 3 2 . 7 . 7 . 4 . 7 . . . . . 1 . . . . 3 . 4 4 . . . . Special 69 | . 5 . . . . . . . . . . . 3 3 8 12 4 5 2 . . 13 . . . 1 4 7 2 Kinetic 4819 | 20 108 22 320 171 62 310 190 162 107 58 70 40 205 112 151 219 258 156 337 60 21 143 52 143 202 65 126 383 546 Thermal 91 | 20 71 . . . . . . . . . . . . . . . . . . . . . . . . . . . . Explosive 42 | . . 3 2 . 7 . 7 . 4 . 7 . . . . . 1 . . . . 3 . 4 4 . . . . Electromagnetic 25 | . . . . . . . . . . . . . . . . . . . . . . . . . . . . . 25 Robot Hit Streak 62 | 5 12 9 33 14 19 25 11 14 16 9 18 12 15 17 43 18 62 13 25 10 10 14 6 11 20 22 10 16 30 Robot Miss Streak 7 | 2 6 3 6 4 6 4 4 7 2 3 3 2 7 3 3 7 3 6 4 3 1 6 4 5 3 3 6 4 4 Penetration Max 2 | . . . . . . 1 1 1 . . . 1 1 . 1 2 1 1 1 1 . 1 1 1 1 1 . 1 1 Secondary Targets 75 | . 1 . 2 . 4 . 3 2 . . 1 1 4 . 3 3 14 4 7 3 . 7 1 7 6 1 . . 1 Max Gunslinging Chain 3 | . 1 . 1 . 1 . 1 1 . . 1 1 1 . 1 1 3 2 1 1 . 1 1 1 1 1 . . 1 Shots Hit Robots 3100 | 25 105 13 190 117 45 190 106 83 63 29 45 34 121 80 119 147 191 78 221 45 11 103 19 94 122 38 56 205 405 Core Hits 1454 | 7 44 11 79 47 25 72 59 47 32 14 27 13 58 24 56 69 65 46 108 24 6 74 11 54 65 17 30 93 177 Critical Kills 31 | . . . 1 . 1 . 1 3 . 3 . . 1 . 2 4 . 1 3 1 1 3 . . 2 . . 2 2 Critical Parts Destroyed 47 | . 1 . 2 1 . 1 3 1 . 1 . 2 2 1 . 6 1 . 4 1 . 2 . 4 1 . 1 5 7 Critical Strikes 118 | . 10 . 5 1 1 1 4 4 . 4 . 2 4 1 2 10 2 4 7 3 2 5 . 5 3 . 3 12 23 Burn 6 | . 6 . . . . . . . . . . . . . . . . . . . . . . . . . . . . Destroy 78 | . 1 . 3 1 1 1 4 4 . 4 . 1 4 . 2 5 2 1 7 3 2 5 . 5 3 . 1 7 11 Blast 27 | . 3 . 2 . . . . . . . . . . . . . . 3 . . . . . . . . 2 5 12 Smash 7 | . . . . . . . . . . . . 1 . 1 . 5 . . . . . . . . . . . . . Melee Attacks 94 | . . . . 8 7 4 1 9 12 . 5 5 4 3 1 24 9 . 2 . . . . . . . . . . Impact 94 | . . . . 8 7 4 1 9 12 . 5 5 4 3 1 24 9 . 2 . . . . . . . . . . Slashing . | . . . . . . . . . . . . . . . . . . . . . . . . . . . . . . Piercing . | . . . . . . . . . . . . . . . . . . . . . . . . . . . . . . Sneak Attacks 23 | . . . . 2 . 1 . 1 . . . 5 . 3 . 11 . . . . . . . . . . . . . Combat Hostiles . | . . . . . . . . . . . . . . . . . . . . . . . . . . . . . . Follow-up Attacks . | . . . . . . . . . . . . . . . . . . . . . . . . . . . . . . Damage Inflicted 83502 | 313 1442 368 3381 1969 1159 3402 3187 1967 2191 576 1590 1090 2701 1896 1911 5040 4245 2402 5650 1518 271 4050 754 3174 3897 1194 1724 7591 12849 Guns 61100 | 313 1063 . 2096 1713 603 3277 1850 1845 1146 561 883 696 2701 1538 1911 3636 3942 1587 5392 1518 271 2641 709 2753 2944 1194 916 4806 6595 Cannons 11989 | . 357 238 960 110 . . . . . . . . . . . . . 754 236 . . . . . . . 808 2554 5972 Explosions 7311 | . . 130 218 . 459 . 1337 . 1045 . 699 . . . . . 303 . . . . 1304 . 350 953 . . 231 282 Melee 2260 | . . . . 135 57 59 . 96 . . . 394 . 338 . 1181 . . . . . . . . . . . . . Ramming 842 | . 22 . 107 11 40 66 . 26 . 15 8 . . 20 . 223 . 61 22 . . 105 45 71 . . . . . Kinetic 71768 | 88 856 238 3056 1823 603 3277 1850 1845 1146 561 883 696 2701 1538 1911 3636 3942 2341 5628 1518 271 2641 709 2753 2944 1194 1724 7360 12035 Thermal 1071 | 225 564 . . . . . . . . . . . . . . . . . . . . . . . . . . . 282 Explosive 7029 | . . 130 218 . 459 . 1337 . 1045 . 699 . . . . . 303 . . . . 1304 . 350 953 . . 231 . Electromagnetic 532 | . . . . . . . . . . . . . . . . . . . . . . . . . . . . . 532 Impact 2260 | . . . . 135 57 59 . 96 . . . 394 . 338 . 1181 . . . . . . . . . . . . . Slashing . | . . . . . . . . . . . . . . . . . . . . . . . . . . . . . . Piercing . | . . . . . . . . . . . . . . . . . . . . . . . . . . . . . . Highest Corruption 48 | . . . . 2 5 . . 1 4 . . . 5 6 11 11 12 1 1 1 1 8 . 4 10 4 4 12 48 Average Corruption 9 | . . . . 2 4 . . 1 3 . . . 2 4 7 6 11 1 1 1 1 3 . 3 8 3 4 8 38 Corruption Purged . | . . . . . . . . . . . . . . . . . . . . . . . . . . . . . . Corruption Blocked . | . . . . . . . . . . . . . . . . . . . . . . . . . . . . . . Effects 765 | . . . . 40 25 . . 26 35 . . . 26 36 25 48 56 . 13 4 4 24 . 2 51 6 14 54 276 Message Errors 156 | . . . . 12 9 . . 7 9 . . . 8 6 8 7 9 . 2 . 2 1 . . 13 1 1 10 51 Matter Fused 175 | . . . . 11 4 . . 6 13 . . . 7 14 6 13 13 . 5 3 . 7 . . 9 2 3 14 45 Heat Flow Errors 78 | . . . . 2 3 . . 2 2 . . . 1 1 2 3 7 . 2 . 1 1 . 1 4 . 5 7 34 Energy Discharges 82 | . . . . 3 3 . . 2 3 . . . 3 5 2 5 10 . 1 . . 7 . . 4 . 1 5 28 Parts Rejected 7 | . . . . . . . . . . . . . 2 . . 2 . . . . . . . . . . . . 3 Parts Fused 9 | . . . . . 1 . . . . . . . 1 . . 1 . . . . . . . . . . 1 . 5 Data Loss (minor) 93 | . . . . 6 3 . . 4 3 . . . 3 6 1 3 8 . 1 1 . 4 . 1 7 1 1 11 29 Data Loss (major) 36 | . . . . 1 2 . . 3 2 . . . 1 2 . 4 . . 1 . . 2 . . 2 . . 2 14 Misfires 34 | . . . . 2 . . . 1 2 . . . . . 3 . 3 . . . 1 1 . . 7 1 . 1 12 Alerts 25 | . . . . 1 . . . 1 1 . . . . 1 3 2 1 . 1 . . . . . 3 1 . 1 9 Misdirections 2 | . . . . . . . . . . . . . . . . 2 . . . . . . . . . . . . . Weapon Failures 68 | . . . . 2 . . . . . . . . . 1 . 6 5 . . . . 1 . . 2 . 2 3 46 Overload Shots . | . . . . . . . . . . . . . . . . . . . . . . . . . . . . . . Overflow Damage 1908 | . . . . 74 39 34 30 76 58 . 48 279 . 288 . 360 32 21 2 . . 106 15 42 12 . 26 230 136 Projectiles 422 | . . . . 9 . . . . . . . . . . . . . 21 . . . . . . . . 26 230 136 Explosions 345 | . . . . . 35 . 30 . 58 . 48 . . . . . 32 . . . . 104 . 26 12 . . . . Melee 1141 | . . . . 65 4 34 . 76 . . . 279 . 288 . 360 . . 2 . . 2 15 16 . . . . . Knockbacks 105 | . 3 2 19 5 . . . . . . . 1 . 4 . 7 . 3 1 . . 2 . . . . 4 17 37 Impact 18 | . . . 2 3 . . . . . . . 1 . 4 . 7 . . . . . 1 . . . . . . . Kinetic 77 | . 3 2 14 1 . . . . . . . . . . . . . 2 1 . . . . . . . 4 16 34 Secondary 10 | . . . 3 1 . . . . . . . . . . . . . 1 . . . 1 . . . . . 1 3 Self-Inflicted Damage 495 | . 10 28 . . 134 . . . . . . . . . . . . . . . . 55 . 72 . . . 98 98 Shots 7 | . . 1 . . 2 . . . . . . . . . . . . . . . . 1 . 1 . . . 1 1 Rammed 69 | . 2 . 19 1 5 11 . 3 . 3 2 . . 1 . 10 . 4 . . . 5 1 2 . . . . . Targets Rammed 78 | . 2 . 21 2 5 11 . 4 . 3 2 . . 2 . 10 . 5 1 . . 7 1 2 . . . . . Kicked . | . . . . . . . . . . . . . . . . . . . . . . . . . . . . . . Crushed 9 | . . . 2 1 . . . 1 . . . . . 1 . . . 1 1 . . 2 . . . . . . . Highest Temperature 404 | 117 264 90 144 228 189 243 326 313 216 128 150 280 368 195 273 209 404 257 195 18 194 179 66 322 252 126 249 294 298 Average Temperature 63 | 49 66 46 32 43 26 46 68 85 77 55 61 108 83 63 38 62 104 80 19 7 36 18 31 112 43 51 90 83 81 Received Heat Transfer 5399 | . 510 156 363 348 485 375 306 106 93 58 30 62 99 34 18 57 570 142 479 . . 204 . 189 226 21 16 12 440 Effects 9 | . 1 . . . . . . . 1 . . 1 2 . . . . . . . . . . . . . . 1 3 Shutdowns 1 | . . . . . . . . . . . . . 1 . . . . . . . . . . . . . . . . Energy Bleed 4 | . 1 . . . . . . . 1 . . 1 1 . . . . . . . . . . . . . . . . Interference 4 | . . . . . . . . . . . . . . . . . . . . . . . . . . . . 1 3 Siege Activations 39 | . . . . . . . . . . . . . . . . 3 4 4 1 . . . 1 1 8 1 4 7 5 Total Turns 1435 | . . . . . . . . . . . . . . . . 34 102 33 6 . . . 33 82 148 1 69 137 790 Longest Duration 628 | . . . . . . . . . . . . . . . . 12 49 11 6 . . . 33 82 33 1 34 38 628 Martial Activations . | . . . . . . . . . . . . . . . . . . . . . . . . . . . . . . Shielding Activations . | . . . . . . . . . . . . . . . . . . . . . . . . . . . . . . Robots Disrupted . | . . . . . . . . . . . . . . . . . . . . . . . . . . . . . . Combat Hostiles . | . . . . . . . . . . . . . . . . . . . . . . . . . . . . . . Robots Corrupted 17 | . . . . 2 1 1 . . . . . 1 . 3 . 5 . . . . . . . 1 . . . . 3 Combat Hostiles 4 | . . . . . 1 . . . . . . . . . . . . . . . . . . . . . . . 3 Parts Fried 24 | . . . . 3 1 . . 2 . . . 2 . 5 . 4 . 1 2 . . . . . . . . . 4 Impact Corruptions 41 | . . . . 3 1 1 . 1 . . . 10 . 8 . 11 . 1 1 . . 1 1 1 . . . . 1 Robots Melted . | . . . . . . . . . . . . . . . . . . . . . . . . . . . . . . Combat Hostiles . | . . . . . . . . . . . . . . . . . . . . . . . . . . . . . . Parts Melted 7 | 1 2 . . . . . . . . . . . 1 . . 1 . . 1 . . 1 . . . . . . . Heat Transferred 2887 | 666 2109 . . . . . . . . . . . . . . . . . . . . . . . . . . . 112 Parts Sabotaged . | . . . . . . . . . . . . . . . . . . . . . . . . . . . . . . Parts Stolen . | . . . . . . . . . . . . . . . . . . . . . . . . . . . . . . Parts Stripped . | . . . . . . . . . . . . . . . . . . . . . . . . . . . . . . Power Chain Reactions 1 | . . . . . . . . . . . . . . . . . . . . . . . . . . . . . 1 Alert | -11 -10 -10 -9 -9 -9 -8 -8 -8 -8 -7 -7 -7 -7 -6 -6 -5 -5 -4 -4 -4 -4 -4 -3 -3 -3 -2 -2 -1 -1 ------- Run | Yrd Mat Min Mat Sto Gar Mat Gar Mat Gar Fac Gar Fac Gar Fac Gar Fac Gar Fac Ext Cet Arc Hub Res Tes Gar Res Gar Acc Com Maximum Alert Level 3 | . . . 2 1 2 2 3 2 3 2 2 1 3 2 1 . 2 1 2 2 1 3 . . 3 2 2 2 2 Low Security (%) 31 | 100 100 100 40 62 10 14 7 . . 1 3 13 3 37 81 100 23 . 76 . 74 35 100 100 18 . . 16 . Level 1 46 | . . . 23 37 31 83 15 85 19 77 28 86 24 46 18 . 35 100 11 64 25 43 . . 45 76 51 58 92 Level 2 18 | . . . 35 . 57 2 37 13 50 20 67 . 44 15 . . 41 . 11 35 . 9 . . 14 23 48 24 7 Level 3 3 | . . . . . . . 39 . 30 . . . 27 . . . . . . . . 12 . . 20 . . . . Level 4 . | . . . . . . . . . . . . . . . . . . . . . . . . . . . . . . Level 5 . | . . . . . . . . . . . . . . . . . . . . . . . . . . . . . . High Security . | . . . . . . . . . . . . . . . . . . . . . . . . . . . . . . Max Security . | . . . . . . . . . . . . . . . . . . . . . . . . . . . . . . Peak Influence 1074 | 15 96 128 628 310 629 414 1003 488 1018 534 627 354 1074 563 271 170 699 366 647 442 280 859 185 103 829 465 590 621 442 Initial 563 | . . 15 . 265 154 306 141 488 211 534 150 329 132 563 94 142 49 366 163 356 126 . 160 . 65 465 219 353 396 Average 293 | 2 44 33 298 179 464 257 610 315 596 325 483 266 551 263 156 60 379 298 141 381 123 326 74 28 407 360 425 337 335 Influence Increases 18191 | 30 570 213 1271 832 505 830 862 745 807 323 477 138 1002 222 267 716 929 485 1143 264 168 1615 119 413 804 170 471 996 804 Destroy 0b10 Robot/C 10035 | . 300 140 880 440 360 480 600 500 460 200 280 80 515 105 120 360 510 285 630 120 60 540 75 225 360 90 300 555 465 Destroy 0b10 Robot/NC 847 | 30 55 5 75 55 . 95 . 35 . . 5 35 5 28 24 104 . 28 64 8 . 80 8 24 . . . 36 48 Destroy Leader 1852 | . 90 30 210 156 10 144 30 162 40 70 10 22 40 62 16 96 48 56 52 . . 104 8 42 56 32 32 150 84 Allied During Kill 1196 | . . . . . . . . . 23 21 . . 12 . . 3 59 6 279 128 60 575 . . . . 21 9 . Successful Hack 246 | . . . 15 10 . 22 14 18 14 14 14 . 14 10 11 35 11 . . . . 15 . 12 11 . . 6 . Select Force Hacks 60 | . 60 . . . . . . . . . . . . . . . . . . . . . . . . . . . . Disable Machine 774 | . . 15 30 120 . 60 15 . 15 . . . 15 12 . 72 24 60 48 . 36 60 . 12 12 24 48 48 48 Anti-Garrison Action 1357 | . . . . . 50 . 100 . 150 . 100 . 352 . 76 . 189 . . . . 113 . . 189 . 38 . . Destroy Structure 1464 | . 5 23 16 6 70 14 73 15 105 3 68 1 49 5 8 22 76 38 58 8 12 128 16 98 152 24 20 192 159 Partial Spotted 24 | . . . . . . . . . . . . . . . . 24 . . . . . . . . . . . . . Lose Combat Pursuer 336 | . 60 . 45 45 15 15 30 15 . 15 . . . . 12 . 12 12 12 . . . 12 . 24 . 12 . . Influence Decreases 17839 | 30 529 254 643 1223 113 1241 77 1423 114 1126 65 576 117 1161 131 916 301 851 839 585 484 1308 424 328 62 706 174 965 1073 Entered New Map 5153 | . . 26 . 363 83 323 77 515 114 484 65 298 57 511 41 129 22 333 170 281 190 . 147 2 22 364 74 237 225 Time Decay 9660 | 30 469 228 603 710 . 748 . 758 . 612 . 278 . 650 . 591 . 458 458 254 294 398 277 186 . 342 . 678 638 Lost Part 830 | . 60 . 40 . 30 20 . . . 10 . . 20 . 10 11 159 20 50 10 . 10 . 140 20 . . 10 210 Lost Ally 996 | . . . . . . . . . . 20 . . 40 . 80 35 120 40 161 40 . 300 . . 20 . 100 40 . Purge Threat 1200 | . . . . 150 . 150 . 150 . . . . . . . 150 . . . . . 600 . . . . . . . Squads Dispatched 99 | . 6 . 5 3 . 6 . 5 . 3 . . . 5 . 12 . 4 4 . . 9 3 5 . 2 . 19 8 Investigation 15 | . 2 . 1 . . 1 . 1 . . . . . 1 . 1 . 1 2 . . . 1 2 . . . 1 1 Extermination 32 | . . . . . . . . . . 3 . . . 4 . 4 . 2 . . . 2 . 1 . 2 . 9 5 Reinforcement 36 | . 4 . 4 3 . 2 . 4 . . . . . . . 4 . 1 2 . . 4 2 1 . . . 4 1 Assault 5 | . . . . . . . . . . . . . . . . . . . . . . 2 . . . . . 2 1 Garrison 11 | . . . . . . 3 . . . . . . . . . 3 . . . . . 1 . 1 . . . 3 . Intercept . | . . . . . . . . . . . . . . . . . . . . . . . . . . . . . . Searches Triggered . | . . . . . . . . . . . . . . . . . . . . . . . . . . . . . . Construction Impeded 6 | . . . . . . . . . . . . . . . . 1 . . 1 . . 1 . 1 . . . 2 . Haulers Reinforced 4 | . . . . . . . . . . . . . . . . 1 . . . . . 1 2 . . . . . . Active Scanning Responses . | . . . . . . . . . . . . . . . . . . . . . . . . . . . . . . Cargo Convoy Interrupts . | . . . . . . . . . . . . . . . . . . . . . . . . . . . . . . Stealth | -11 -10 -10 -9 -9 -9 -8 -8 -8 -8 -7 -7 -7 -7 -6 -6 -5 -5 -4 -4 -4 -4 -4 -3 -3 -3 -2 -2 -1 -1 --------- Run | Yrd Mat Min Mat Sto Gar Mat Gar Mat Gar Fac Gar Fac Gar Fac Gar Fac Gar Fac Ext Cet Arc Hub Res Tes Gar Res Gar Acc Com Distress Signals 67 | . 4 . 4 . . 3 1 7 . 2 . . . 1 . 7 . 4 5 2 . 3 2 3 . . . 4 15 Communications Jammed . | . . . . . . . . . . . . . . . . . . . . . . . . . . . . . . Distress Signals . | . . . . . . . . . . . . . . . . . . . . . . . . . . . . . . Times Spotted 785 | . 29 6 64 26 20 42 34 49 22 13 12 4 31 16 12 45 41 32 47 9 6 49 6 23 28 7 22 44 46 Peak Tracking Total 10 | . 5 3 5 4 8 5 9 5 7 3 5 2 6 4 8 4 7 5 5 5 1 10 5 6 6 3 6 3 7 Tactical Retreats 22 | . 3 . 3 3 1 1 2 1 . 1 . . . . 1 . 1 1 1 . . . 1 . 1 . 1 . . Traps | -11 -10 -10 -9 -9 -9 -8 -8 -8 -8 -7 -7 -7 -7 -6 -6 -5 -5 -4 -4 -4 -4 -4 -3 -3 -3 -2 -2 -1 -1 ------- Run | Yrd Mat Min Mat Sto Gar Mat Gar Mat Gar Fac Gar Fac Gar Fac Gar Fac Gar Fac Ext Cet Arc Hub Res Tes Gar Res Gar Acc Com Traps Triggered 45 | . 2 . 1 4 1 1 4 2 2 . 4 . 5 3 . 3 1 . 5 . . . 1 1 . 2 2 1 . Indirectly . | . . . . . . . . . . . . . . . . . . . . . . . . . . . . . . Trap Hack Attempts . | . . . . . . . . . . . . . . . . . . . . . . . . . . . . . . Triggered . | . . . . . . . . . . . . . . . . . . . . . . . . . . . . . . Disarmed . | . . . . . . . . . . . . . . . . . . . . . . . . . . . . . . Reprogrammed . | . . . . . . . . . . . . . . . . . . . . . . . . . . . . . . Reused . | . . . . . . . . . . . . . . . . . . . . . . . . . . . . . . Traps Extracted . | . . . . . . . . . . . . . . . . . . . . . . . . . . . . . . Installed . | . . . . . . . . . . . . . . . . . . . . . . . . . . . . . . Triggered . | . . . . . . . . . . . . . . . . . . . . . . . . . . . . . . Machines | -11 -10 -10 -9 -9 -9 -8 -8 -8 -8 -7 -7 -7 -7 -6 -6 -5 -5 -4 -4 -4 -4 -4 -3 -3 -3 -2 -2 -1 -1 ---------- Run | Yrd Mat Min Mat Sto Gar Mat Gar Mat Gar Fac Gar Fac Gar Fac Gar Fac Gar Fac Ext Cet Arc Hub Res Tes Gar Res Gar Acc Com Machines Disabled 82 | . . 1 2 8 1 4 1 . 2 . 2 . 7 1 2 6 5 5 4 . 3 6 . 2 5 2 5 4 4 Max in Single Turn 2 | . . 1 1 1 1 1 1 . 1 . 1 . 1 1 1 1 1 2 1 . 2 1 . 1 1 1 1 1 1 Garrison Access 1 | . . . . . . . . . . . . . . . . . . . . . . 1 . . . . . . . Garrison Relay 19 | . . . . . 1 . . . 1 . 2 . 6 . 2 . 3 . . . . . . . 3 . 1 . . Machines Repaired . | . . . . . . . . . . . . . . . . . . . . . . . . . . . . . . Machines Dismantled 17 | . . . . 5 . . 1 . 1 . . . 1 . . . 1 . 4 . . . . . . . . 3 1 Machines Sabotaged . | . . . . . . . . . . . . . . . . . . . . . . . . . . . . . . Overloaded Fab Kills . | . . . . . . . . . . . . . . . . . . . . . . . . . . . . . . Hacking | -11 -10 -10 -9 -9 -9 -8 -8 -8 -8 -7 -7 -7 -7 -6 -6 -5 -5 -4 -4 -4 -4 -4 -3 -3 -3 -2 -2 -1 -1 --------- Run | Yrd Mat Min Mat Sto Gar Mat Gar Mat Gar Fac Gar Fac Gar Fac Gar Fac Gar Fac Ext Cet Arc Hub Res Tes Gar Res Gar Acc Com Machines Accessed 111 | . 2 1 9 9 . 10 1 10 1 7 1 3 3 6 1 7 2 5 2 . . 5 4 5 1 4 1 8 3 Terminals 73 | . . . 7 6 . 7 1 8 1 3 1 1 3 2 1 4 2 3 2 . . 5 2 1 1 1 1 8 2 Fabricators 5 | . . . . . . . . . . . . 1 . . . 1 . 1 . . . . 1 1 . . . . . Repair Stations 12 | . . . . 2 . 2 . . . 2 . . . 2 . . . 1 . . . . 1 1 . . . . 1 Recycling Units 2 | . 2 . . . . . . . . . . . . . . . . . . . . . . . . . . . . Scanalyzers 9 | . . . 2 . . . . 1 . 1 . . . 1 . 1 . . . . . . . 1 . 2 . . . Garrison Access 9 | . . . . 1 . 1 . 1 . 1 . 1 . 1 . 1 . . . . . . . 1 . 1 . . . Total Hacks 251 | . 2 1 19 28 . 26 1 26 3 18 1 3 4 16 3 16 7 16 4 . . 12 8 8 2 6 1 14 6 Successful 118 | . 2 1 12 18 . 14 1 10 1 11 1 2 2 11 1 9 1 6 . . . 5 . 3 1 3 . 2 1 Failed 129 | . . . 6 9 . 12 . 16 2 6 . 1 2 4 2 7 6 10 4 . . 7 8 5 1 3 1 12 5 Catastrophic 20 | . . . . . . . . 3 1 2 . 1 . . 1 . . 1 1 . . 1 1 1 . 1 1 4 1 Database Lockouts 4 | . . . 1 1 . . . . . 1 . . . 1 . . . . . . . . . . . . . . . Manual 108 | . 2 . 12 9 . 14 . 20 . 5 . 1 . 5 . 6 3 3 . 1 . 6 7 5 . 1 . 5 3 Terminals 161 | . . . 15 14 . 19 1 23 3 4 1 1 4 4 3 10 7 9 4 . . 12 5 1 2 1 1 14 3 Fabricators 12 | . . . . . . . . . . . . 1 . . . 1 . 5 . . . . 1 4 . . . . . Repair Stations 40 | . . . . 11 . 6 . . . 9 . . . 6 . . . 2 . . . . 2 1 . . . . 3 Recycling Units 2 | . 2 . . . . . . . . . . . . . . . . . . . . . . . . . . . . Scanalyzers 24 | . . . 4 . . . . 2 . 4 . . . 5 . 4 . . . . . . . 1 . 4 . . . Garrison Access 11 | . . . . 3 . 1 . 1 . 1 . 1 . 1 . 1 . . . . . . . 1 . 1 . . . Terminal Hacks 26 | . . 1 1 4 . 2 1 1 1 . 1 . 2 1 1 2 1 1 . . . 3 . . 1 . . 2 . Part Schematic 1 | . . . . 1 . . . . . . . . . . . . . . . . . . . . . . . . . Prototype ID Bank 2 | . . . 1 1 . . . . . . . . . . . . . . . . . . . . . . . . . Open Door 4 | . . 1 . . . . . . . . . . . . . . . 1 . . . . . . . . . 2 . Emergency Access Points 8 | . . . . . . . 1 . 1 . 1 . 1 . 1 . 1 . . . . 1 . . 1 . . . . Unreport Threat 5 | . . . . 1 . 1 . 1 . . . . . . . 1 . . . . . 1 . . . . . . . Locate Traps 1 | . . . . . . . . . . . . . . 1 . . . . . . . . . . . . . . . Maintenance Status 2 | . . . . . . . . . . . . . . . . 1 . . . . . 1 . . . . . . . Hauler Manifests 2 | . . . . 1 . 1 . . . . . . . . . . . . . . . . . . . . . . . Patrol Navigation 1 | . . . . . . . . . . . . . 1 . . . . . . . . . . . . . . . . Fabricator Hacks 6 | . . . . . . . . . . . . 1 . . . 1 . 3 . . . . . 1 . . . . . Network Status 3 | . . . . . . . . . . . . 1 . . . 1 . 1 . . . . . . . . . . . Load Schematic 1 | . . . . . . . . . . . . . . . . . . 1 . . . . . . . . . . . Build 2 | . . . . . . . . . . . . . . . . . . 1 . . . . . 1 . . . . . Repair Station Hacks 23 | . . . . 10 . 4 . . . 7 . . . 2 . . . . . . . . . . . . . . . Scan Component 13 | . . . . 5 . 3 . . . 4 . . . 1 . . . . . . . . . . . . . . . Repair 10 | . . . . 5 . 1 . . . 3 . . . 1 . . . . . . . . . . . . . . . Recycling Unit Hacks . | . . . . . . . . . . . . . . . . . . . . . . . . . . . . . . Scanalyzer 15 | . . . 3 . . . . 1 . 2 . . . 4 . 3 . . . . . . . . . 2 . . . Insert Component 2 | . . . 1 . . . . . . . . . . . . 1 . . . . . . . . . . . . . Analyze 3 | . . . 1 . . . . . . . . . . . . 2 . . . . . . . . . . . . . Retrieve Study 10 | . . . 1 . . . . 1 . 2 . . . 4 . . . . . . . . . . . 2 . . . Garrison Access Hacks 9 | . . . . 1 . 1 . 1 . 1 . 1 . 1 . 1 . . . . . . . 1 . 1 . . . Unlock Access 9 | . . . . 1 . 1 . 1 . 1 . 1 . 1 . 1 . . . . . . . 1 . 1 . . . Unauthorized Hacks 39 | . 2 . 8 3 . 7 . 7 . 1 . . . 3 . 2 . 2 . . . 2 . 1 . . . . 1 Terminals 32 | . . . 8 3 . 7 . 7 . 1 . . . 1 . 2 . 1 . . . 2 . . . . . . . Botnet 15 | . . . 2 3 . 2 . 2 . 1 . . . . . 2 . 1 . . . 2 . . . . . . . Operators 1 | . . . . . . . . . . . . . . 1 . . . . . . . . . . . . . . . Skim 16 | . . . 6 . . 5 . 5 . . . . . . . . . . . . . . . . . . . . . Fabricators . | . . . . . . . . . . . . . . . . . . . . . . . . . . . . . . Repair Stations 5 | . . . . . . . . . . . . . . 2 . . . 1 . . . . . 1 . . . . 1 Mechanics 2 | . . . . . . . . . . . . . . 1 . . . 1 . . . . . . . . . . . Patch 3 | . . . . . . . . . . . . . . 1 . . . . . . . . . 1 . . . . 1 Recycling Units 2 | . 2 . . . . . . . . . . . . . . . . . . . . . . . . . . . . Tunnel 2 | . 2 . . . . . . . . . . . . . . . . . . . . . . . . . . . . Scanalyzers . | . . . . . . . . . . . . . . . . . . . . . . . . . . . . . . Garrison Access . | . . . . . . . . . . . . . . . . . . . . . . . . . . . . . . Data Cores Recovered . | . . . . . . . . . . . . . . . . . . . . . . . . . . . . . . Used . | . . . . . . . . . . . . . . . . . . . . . . . . . . . . . . Hacking Detections 90 | . . . 9 8 . 8 1 9 1 5 . 1 3 4 1 5 1 4 2 . . 5 4 4 . 4 1 7 3 Full Trace Events 2 | . . . . . . . . . . . . . . . . 1 . 1 . . . . . . . . . . . Feedback Events . | . . . . . . . . . . . . . . . . . . . . . . . . . . . . . . Feedback Blocked . | . . . . . . . . . . . . . . . . . . . . . . . . . . . . . . Robot Schematics Acquired . | . . . . . . . . . . . . . . . . . . . . . . . . . . . . . . Robots Built . | . . . . . . . . . . . . . . . . . . . . . . . . . . . . . . Authchips . | . . . . . . . . . . . . . . . . . . . . . . . . . . . . . . Time . | . . . . . . . . . . . . . . . . . . . . . . . . . . . . . . Total Robot Build Rating . | . . . . . . . . . . . . . . . . . . . . . . . . . . . . . . Part Schematics Acquired 3 | . . . 1 1 . . . . . . . . . . . 1 . . . . . . . . . . . . . Parts Built 2 | . . . . . . . . . . . . . . . . . . 1 . . . . . 1 . . . . . Authchips . | . . . . . . . . . . . . . . . . . . . . . . . . . . . . . . Time 228 | . . . . . . . . . . . . . . . . . . 117 . . . . . 111 . . . . . Total Part Build Rating 16 | . . . . . . . . . . . . . . . . . . 7 . . . . . 9 . . . . . Part Studies Acquired 10 | . . . 1 . . . . 1 . 2 . . . 4 . . . . . . . . . . . 2 . . . Parts Repaired 9 | . . . . 5 . 1 . . . 2 . . . 1 . . . . . . . . . . . . . . . Time 470 | . . . . 180 . 61 . . . 185 . . . 44 . . . . . . . . . . . . . . . Parts Recycled . | . . . . . . . . . . . . . . . . . . . . . . . . . . . . . . Recycled Matter . | . . . . . . . . . . . . . . . . . . . . . . . . . . . . . . Retrieved Matter . | . . . . . . . . . . . . . . . . . . . . . . . . . . . . . . Retrieved Components . | . . . . . . . . . . . . . . . . . . . . . . . . . . . . . . Parts Scanalyzed 2 | . . . 1 . . . . . . . . . . . . 1 . . . . . . . . . . . . . Part Schematics Acquired 2 | . . . 1 . . . . . . . . . . . . 1 . . . . . . . . . . . . . Parts Damaged . | . . . . . . . . . . . . . . . . . . . . . . . . . . . . . . Bothacking | -11 -10 -10 -9 -9 -9 -8 -8 -8 -8 -7 -7 -7 -7 -6 -6 -5 -5 -4 -4 -4 -4 -4 -3 -3 -3 -2 -2 -1 -1 ------------ Run | Yrd Mat Min Mat Sto Gar Mat Gar Mat Gar Fac Gar Fac Gar Fac Gar Fac Gar Fac Ext Cet Arc Hub Res Tes Gar Res Gar Acc Com Used RIF Installer 8 | . . . . . 1 . 1 . 1 . 1 . 2 . 1 . 1 . . . . . . . . . . . . Hotswap 1 | . . . . . . . 1 . . . . . . . . . . . . . . . . . . . . . . Code Merge 1 | . . . . . . . . . . . . . . . . . 1 . . . . . . . . . . . . Threat Obfuscator 1 | . . . . . . . . . . . . . 1 . . . . . . . . . . . . . . . . Robot Detection 1 | . . . . . . . . . . . 1 . . . . . . . . . . . . . . . . . . Patrol Navigation 1 | . . . . . . . . . 1 . . . . . . . . . . . . . . . . . . . . Program Shield 1 | . . . . . . . . . . . . . . . 1 . . . . . . . . . . . . . . Autoassimilate 1 | . . . . . . . . . . . . . 1 . . . . . . . . . . . . . . . . Robots Hacked 60 | . . . . . . . . . . . . . 2 2 6 11 4 7 2 . . 8 . . 1 1 8 6 2 Non-combat 16 | . . . . . . . . . . . . . . 1 . 3 . 4 . . . 3 . . . 1 . 4 . Combat 44 | . . . . . . . . . . . . . 2 1 6 8 4 3 2 . . 5 . . 1 . 8 2 2 Autoassimilated 14 | . . . . . . . . . . . . . . . 1 3 2 2 . . . . . . 1 . 4 1 . Robot Hacks Applied 50 | . . . . . . . . . . . . . 2 2 5 8 3 5 2 . . 11 . . . 1 4 5 2 parse_system 4 | . . . . . . . . . . . . . . . . . 1 1 . . . 2 . . . . . . . find_chute 1 | . . . . . . . . . . . . . . 1 . . . . . . . . . . . . . . . randomize_corridors 1 | . . . . . . . . . . . . . . . . 1 . . . . . . . . . . . . . drop_inventory 5 | . . . . . . . . . . . . . . . . . . 2 . . . . . . . 1 . 2 . ignore_parts 2 | . . . . . . . . . . . . . . . . 1 . 1 . . . . . . . . . . . purge_threat 4 | . . . . . . . . . . . . . . . . . . . . . . 4 . . . . . . . block_reporting 3 | . . . . . . . . . . . . . . . . 1 . . . . . . . . . . . 2 . amplify_resonance 8 | . . . . . . . . . . . . . 1 1 2 1 1 . . . . . . . . . 1 . 1 overwrite_iff 21 | . . . . . . . . . . . . . 1 . 3 4 1 1 2 . . 5 . . . . 2 1 1 formatsys_high 1 | . . . . . . . . . . . . . . . . . . . . . . . . . . . 1 . . Relay Couplers Released 89 | . . . . . 5 . . . 3 . 7 . 24 . 9 . 14 4 . . . 2 . . 12 . 5 4 . Machine Destruction 78 | . . . . . 5 . . . 3 . 7 . 24 . 6 . 14 . . . . 2 . . 12 . 5 . . Programmers 11 | . . . . . . . . . . . . . . . 3 . . 4 . . . . . . . . . 4 . Attached 20 | . . . . . . . . . . . . . 4 . 3 2 3 2 1 . . 1 . . 1 . 3 . . Merged Code Value 93 | . . . . . . . . . . . . . . . . . . 7 . . . . . . 34 . 18 24 10 Fabnet Peak Effective % . | . . . . . . . . . . . . . . . . . . . . . . . . . . . . . . Robots Rewired 20 | . . . . . . . . . . . . . 2 . . . . . 18 . . . . . . . . . . Allies Hacked . | . . . . . . . . . . . . . . . . . . . . . . . . . . . . . . Hacks Repelled . | . . . . . . . . . . . . . . . . . . . . . . . . . . . . . . Allies | -11 -10 -10 -9 -9 -9 -8 -8 -8 -8 -7 -7 -7 -7 -6 -6 -5 -5 -4 -4 -4 -4 -4 -3 -3 -3 -2 -2 -1 -1 -------- Run | Yrd Mat Min Mat Sto Gar Mat Gar Mat Gar Fac Gar Fac Gar Fac Gar Fac Gar Fac Ext Cet Arc Hub Res Tes Gar Res Gar Acc Com Total Allies 73 | . . 2 . . . . 1 . 2 . . . 3 . 4 7 5 3 25 5 . 5 . . 1 . 7 2 1 Largest Group 16 | . . 2 . . . . 1 . 2 2 . . 2 . 1 3 3 2 14 16 16 16 . . . . 2 1 1 Highest-Rated Group 1069 | . . 57 . . . . 31 . 70 70 . . 70 . 29 87 113 105 762 1069 1069 952 . . . . 88 69 58 Highest-Rated Ally 159 | . . 31 . . . . 31 . 39 39 . . 39 . 29 29 46 58 159 159 159 96 . . . . 58 69 58 Total Orders . | . . . . . . . . . . . . . . . . . . . . . . . . . . . . . . Ally Attacks 487 | . . . . . . . 3 . 25 9 . . 12 . 7 26 20 3 117 56 15 160 . . . . 22 9 3 Total Damage 12970 | . . . . . . . 22 . 407 144 . . 195 . 56 341 340 65 3237 1258 316 5840 . . . . 391 270 88 Kills 67 | . . . . . . . . . 5 3 . . . . . 2 4 . 19 6 2 23 . . . . 2 1 . Allies Corrupted . | . . . . . . . . . . . . . . . . . . . . . . . . . . . . . . Allies Melted 2 | . . . . . . . . . . . . . . . 1 1 . . . . . . . . . . . . . Intel | -11 -10 -10 -9 -9 -9 -8 -8 -8 -8 -7 -7 -7 -7 -6 -6 -5 -5 -4 -4 -4 -4 -4 -3 -3 -3 -2 -2 -1 -1 ------- Run | Yrd Mat Min Mat Sto Gar Mat Gar Mat Gar Fac Gar Fac Gar Fac Gar Fac Gar Fac Ext Cet Arc Hub Res Tes Gar Res Gar Acc Com Active Infowar (turns) 32066 | 52 1705 823 4628 1490 10 3559 87 2752 12 1505 202 451 557 1994 741 1465 749 . 2157 546 697 1025 832 675 1277 641 2 1427 5 Sensors 242 | . . . . . . . . . . . . . . . . . . . . . . . . . . 242 . . . Terrain 3388 | . . . . . . . . . . . . . . . . . . . . . . . 831 483 . 640 2 1427 5 Traps 738 | . . . . . . 735 3 . . . . . . . . . . . . . . . . . . . . . . Seismic 29002 | 52 1705 823 4628 1490 10 3559 87 2752 12 1505 202 451 557 1371 266 1465 749 . 2157 546 697 1025 802 675 1276 140 . . . T.N.C. 1843 | . . . . . . . . . . . . . . 1341 502 . . . . . . . . . . . . . . ECM 2 | . . . . . . . . . . . . . . . . . . . 1 . . . . . 1 . . . . Robot Analysis Total . | . . . . . . . . . . . . . . . . . . . . . . . . . . . . . . Derelict Logs Recovered 1 | . . 1 . . . . . . . . . . . . . . . . . . . . . . . . . . . Drone Launches . | . . . . . . . . . . . . . . . . . . . . . . . . . . . . . . Drone Recoveries . | . . . . . . . . . . . . . . . . . . . . . . . . . . . . . . Exploration | -11 -10 -10 -9 -9 -9 -8 -8 -8 -8 -7 -7 -7 -7 -6 -6 -5 -5 -4 -4 -4 -4 -4 -3 -3 -3 -2 -2 -1 -1 ------------- Run | Yrd Mat Min Mat Sto Gar Mat Gar Mat Gar Fac Gar Fac Gar Fac Gar Fac Gar Fac Ext Cet Arc Hub Res Tes Gar Res Gar Acc Com Turns Passed 53530 | 138 1714 843 5535 3184 1073 3947 1601 4140 1725 2010 958 611 1644 2390 794 2160 1551 1158 2338 546 697 1030 832 720 1552 764 708 2675 4492 Spaces Moved 19878 | 24 1030 688 1937 991 376 1108 563 1135 650 770 368 205 628 1053 340 931 698 566 824 204 106 486 442 326 549 356 222 946 1356 Core . | . . . . . . . . . . . . . . . . . . . . . . . . . . . . . . Treads 18350 | 24 210 . 1917 991 376 1108 563 1135 650 770 368 205 628 1053 340 931 698 566 824 204 106 486 442 326 549 356 222 946 1356 Legs . | . . . . . . . . . . . . . . . . . . . . . . . . . . . . . . Wheels 1528 | . 820 688 20 . . . . . . . . . . . . . . . . . . . . . . . . . . Hover . | . . . . . . . . . . . . . . . . . . . . . . . . . . . . . . Flight . | . . . . . . . . . . . . . . . . . . . . . . . . . . . . . . Fastest Speed 80 | 160 80 110 110 240 240 240 240 230 230 210 210 210 200 200 160 160 160 160 160 160 163 163 163 163 160 160 160 156 156 Average Speed 195 | 160 104 110 221 240 240 240 240 239 230 231 214 218 204 206 168 160 162 164 192 162 163 163 163 163 160 177 219 158 210 Slowest Speed 340 | 160 160 110 240 320 240 240 240 240 235 240 220 220 212 212 200 245 240 242 242 163 163 163 163 163 163 226 226 213 340 Overloaded Moves . | . . . . . . . . . . . . . . . . . . . . . . . . . . . . . . Propulsion Burnouts . | . . . . . . . . . . . . . . . . . . . . . . . . . . . . . . Robots Hopped . | . . . . . . . . . . . . . . . . . . . . . . . . . . . . . . Potential Cave-ins . | . . . . . . . . . . . . . . . . . . . . . . . . . . . . . . Cave-ins Triggered . | . . . . . . . . . . . . . . . . . . . . . . . . . . . . . . Exploration Rate (%) 51 | 3 95 98 98 94 32 66 74 92 78 27 61 6 87 28 37 26 85 13 79 56 76 54 14 35 48 9 30 24 30 Regions Visited 29 Branch Regions 8 Pre-discovered Areas 5 | . 2 . 3 . . . . . . . . . . . . . . . . . . . . . . . . . . Known Exits Taken 10 | . . . 1 1 . 1 . 1 . 1 . 1 . 1 . 1 . . . . . . . 1 . 1 . . . Unknown Exits Taken 10 | 1 1 1 . . . . . . . . . . . . . . . 1 1 1 1 1 1 . . . . 1 . Scrap Searched 1 | . . 1 . . . . . . . . . . . . . . . . . . . . . . . . . . . Spaces Dug 70 | . 3 . . 3 . 3 . 8 . . . . . . . 5 . 2 2 . . 2 7 . 1 3 . 24 7 Terrain Destroyed 788 | . 3 24 11 3 45 4 49 9 23 1 60 . 6 8 1 26 23 15 38 4 6 59 8 73 111 9 5 85 79 Melee 21 | . . . . 3 . 3 . 8 . . . . . . . 5 . . 2 . . . . . . . . . . Projectile 318 | . 3 . . . . 1 . 1 . 1 2 . 6 7 1 19 5 15 36 4 6 21 8 18 29 9 5 61 60 AOE 442 | . . 24 11 . 45 . 49 . 23 . 58 . . . . . 18 . . . . 38 . 55 81 . . 24 16 Terrain Rammed . | . . . . . . . . . . . . . . . . . . . . . . . . . . . . . . Walls Destroyed . | . . . . . . . . . . . . . . . . . . . . . . . . . . . . . . Machines Disabled . | . . . . . . . . . . . . . . . . . . . . . . . . . . . . . . Actions | -11 -10 -10 -9 -9 -9 -8 -8 -8 -8 -7 -7 -7 -7 -6 -6 -5 -5 -4 -4 -4 -4 -4 -3 -3 -3 -2 -2 -1 -1 --------- Run | Yrd Mat Min Mat Sto Gar Mat Gar Mat Gar Fac Gar Fac Gar Fac Gar Fac Gar Fac Ext Cet Arc Hub Res Tes Gar Res Gar Acc Com Total 30989 | 84 1481 747 2907 1586 470 2231 705 2447 772 967 481 342 838 1201 481 1395 953 711 1360 390 620 627 519 419 1081 447 365 1851 2511 Wait 7043 | 33 312 40 674 412 7 925 26 1185 19 132 35 102 55 34 15 257 34 47 210 138 509 27 14 . 363 24 71 658 685 Move 19858 | 23 1029 687 1936 991 375 1108 562 1135 649 770 367 205 627 1053 339 931 697 565 823 203 105 486 441 326 548 356 221 945 1355 Hop . | . . . . . . . . . . . . . . . . . . . . . . . . . . . . . . Pick Up 369 | 2 17 . 45 3 3 19 4 8 3 7 5 4 7 11 17 20 37 5 14 7 1 9 7 18 18 8 3 10 57 Fast Attach 180 | 1 1 . 4 14 5 8 . 3 7 8 2 2 5 9 5 12 11 8 10 6 . 8 10 3 3 3 4 12 16 Attach 183 | . 8 . 9 . 4 7 2 7 . 2 2 1 3 4 3 9 29 7 8 6 . 1 2 15 8 6 . 5 35 Detach 11 | . . . 1 . . . . . . . . . . . . 1 2 . . . . . . 1 . . . . 6 Swap 744 | 2 7 5 69 39 21 36 20 37 17 16 12 6 26 30 19 51 30 18 32 3 . 26 12 11 50 22 22 51 54 Drop 500 | 3 12 1 39 20 11 34 6 16 11 13 7 7 9 20 25 22 31 15 23 15 1 16 16 5 24 11 6 23 58 Fire 1571 | 20 93 14 109 57 31 79 69 43 42 16 36 10 66 33 57 57 65 41 76 12 4 48 16 38 67 17 34 108 213 Melee 94 | . . . . 8 7 4 1 9 12 . 5 5 4 3 1 24 9 . 2 . . . . . . . . . . Ram 2 | . 1 . . . . . . . . . . . . . . 1 . . . . . . . . . . . . . Kick . | . . . . . . . . . . . . . . . . . . . . . . . . . . . . . . Crush 76 | . 1 . 21 2 5 11 . 4 . 3 2 . . 2 . 10 . 5 1 . . 6 1 2 . . . . . Escape Stasis 40 | . . . . . 1 . 7 . 4 . 8 . 8 2 . . . . 6 . . . . . . . 4 . . Rewire 143 | . . . . . . . . . . . . . 20 . . . . . 123 . . . . . . . . . . Trap . | . . . . . . . . . . . . . . . . . . . . . . . . . . . . . . Miscellaneous 175 | . . . . 40 . . 8 . 8 . . . 8 . . . 8 . 32 . . . . . . . . 39 32 Route ------- -11/Scrapyard -10/Materials (discovered 5 exits: *Mat x3 / *Min / [*Sub]) -10/Mines (discovered 3 exits: *Mat x2 / [*Exi]) -9/Materials (discovered 6 exits: *Mat x3 / [*Min x2] / *Sto) -9/Storage (discovered 2 exits: *Mat / Gar) -9/Garrison -8/Materials (discovered 4 exits: *Fac x3 / Gar) -8/Garrison (discovered 2 exits: *Mat x2) -8/Materials (discovered 4 exits: *Fac x3 / Gar) -8/Garrison (discovered 3 exits: *Fac x3) -7/Factory (discovered 5 exits: Fac x2 / Low x2 / Gar) -7/Garrison (discovered 2 exits: *Fac x2) -7/Factory -7/Garrison (discovered 3 exits: *Fac x3) -6/Factory (discovered 4 exits: *Fac x3 / Gar) -6/Garrison -5/Factory -5/Garrison (discovered 2 exits: *Fac x2) -4/Factory -4/Extension (discovered 2 exits: *Res / *Cet) -4/Cetus (discovered 2 exits: *Res / [*Arc]) -4/Archives (discovered 2 exits: *Hub x2) -4/Hub_04(d) (discovered 4 exits: *Res x4) -3/Research (discovered 3 exits: *Res x2 / *Tes) -3/Testing -3/Garrison (discovered 2 exits: *Res x2) -2/Research (discovered 3 exits: *Acc x2 / Gar) -2/Garrison -1/Access (discovered 2 exits: [*Sur] / *Com) -1/Command (discovered 2 exits: [*Sur x2]) 0b11 Command History --------- Turn | Location | Event 45 | -11/Scrapyard | Discovered new exit (range 3) 139 | -11/Scrapyard | Entered Materials 315 | -10/Materials | Build established: Mutant 483 | -10/Materials | Core integrity fell below 50% 683 | -10/Materials | Discovered new exit (range 3) 769 | -10/Materials | Discovered new exit (range 6) 872 | -10/Materials | Discovered new exit (range 16) 1119 | -10/Materials | Discovered new exit (range 13) 1585 | -10/Materials | Discovered new exit (range 8) 1853 | -10/Materials | Entered Mines 1860 | -10/Mines | Core integrity fell below 20% 1958 | -10/Mines | Found a damaged Exp. Sensor Array with a note attached 2139 | -10/Mines | Deemed a non-threat by the Exiles lab entrance 2139 | -10/Mines | Discovered new exit (range 5) 2220 | -10/Mines | Discovered new exit (range 15) 2457 | -10/Mines | Discovered new exit (range 7) 2560 | -10/Mines | Found the Drone Emporium 2696 | -10/Mines | Entered Materials 2696 | -9/Materials | Evolved 2 slots: Propulsion x1, Weapon x1 2697 | -9/Materials | Identified exit to Storage 3045 | -9/Materials | Build established: Scavenger-Gunner 4178 | -9/Materials | Discovered new exit (range 14) 5272 | -9/Materials | Discovered new exit (range 5) 6435 | -9/Materials | Discovered new exit (range 4) 6826 | -9/Materials | Discovered new exit (range 9) 7037 | -9/Materials | Discovered new exit (range 15) 7048 | -9/Materials | Build established: Gunner 7572 | -9/Materials | Identified exit to Materials 7618 | -9/Materials | Learned location of Recycling (-9) 7626 | -9/Materials | Learned 2 Storage zone layouts 7667 | -9/Materials | Central database locked down 8231 | -9/Materials | Entered Storage 8817 | -9/Storage | Discovered exit to Materials (range 6) 9678 | -9/Storage | Core integrity fell below 50% 10119 | -9/Storage | Build established: Scavenger-Tank 10270 | -9/Storage | Repaired Lgt. Treads 10323 | -9/Storage | Repaired Hvy. Ion Engine 11255 | -9/Storage | Repaired Lgt. Cannon 11282 | -9/Storage | Repaired Lgt. Treads 11335 | -9/Storage | Repaired Imp. Assault Rifle 11346 | -9/Storage | Central database locked down 11415 | -9/Storage | Identified exit to Garrison 11415 | -9/Storage | Entered Garrison 11493 | -9/Garrison | Triggered checkpoint 11574 | -9/Garrison | Destroyed 7 combat bots 11658 | -9/Garrison | Installed Relay Interface Framework 11718 | -9/Garrison | Garrison Relay disabled 11859 | -9/Garrison | Triggered checkpoint 11944 | -9/Garrison | Core integrity fell below 20% 12460 | -9/Garrison | Discovered exit to Materials (range 12) 12488 | -9/Garrison | Entered Materials 12488 | -8/Materials | Evolved 2 slots: Utility x1, Weapon x1 12992 | -8/Materials | Discovered new exit (range 14) 13654 | -8/Materials | Learned Factory stockpile data 13696 | -8/Materials | Learned location of 2 exits from Factory 13726 | -8/Materials | Learned Storage interactive machine intel 13746 | -8/Materials | Learned location of 1 exit from Recycling 13758 | -8/Materials | Identified exit to Factory 13781 | -8/Materials | Learned Factory emergency access door positions 13839 | -8/Materials | Garrison activated, responded to threat 13863 | -8/Materials | Learned Factory recycling unit intel 15440 | -8/Materials | Repaired Broken Gauss Rifle 16125 | -8/Materials | Build established: Scavenger-Skirmisher 16435 | -8/Materials | Identified exit to Garrison 16435 | -8/Materials | Entered Garrison 16505 | -8/Garrison | Triggered checkpoint 16590 | -8/Garrison | Rescued a captive Derelict 16727 | -8/Garrison | Build established: Scavenger-Tank 16783 | -8/Garrison | Triggered checkpoint 16827 | -8/Garrison | Destroyed 9 combat bots 16997 | -8/Garrison | Triggered checkpoint 17103 | -8/Garrison | Expanded RIF knowledge: Hotswap 17127 | -8/Garrison | Discovered new exit (range 15) 17277 | -8/Garrison | Triggered checkpoint 17401 | -8/Garrison | Triggered checkpoint 17464 | -8/Garrison | Discovered new exit (range 12) 17549 | -8/Garrison | Triggered checkpoint 17673 | -8/Garrison | Triggered checkpoint 18036 | -8/Garrison | Entered Materials 19367 | -8/Materials | Discovered exit to Factory (range 5) 21755 | -8/Materials | Learned location of 1 exit from Storage 21931 | -8/Materials | Learned 4 Lower Caves zone layouts 21970 | -8/Materials | Learned 4 Lower Caves zone layouts 21998 | -8/Materials | Learned Recycling recycling unit intel 22046 | -8/Materials | Learned 4 Factory zone layouts 22087 | -8/Materials | Learned Storage stockpile data 22137 | -8/Materials | Learned 2 Lower Caves zone layouts 22176 | -8/Materials | Identified exit to Garrison 22176 | -8/Materials | Entered Garrison 22186 | -8/Garrison | Triggered checkpoint 22439 | -8/Garrison | Build established: Tank 22447 | -8/Garrison | Triggered checkpoint 22483 | -8/Garrison | Triggered checkpoint 22500 | -8/Garrison | Triggered checkpoint 22534 | -8/Garrison | Destroyed 10 combat bots 22643 | -8/Garrison | Discovered exit to Factory (range 15) 22954 | -8/Garrison | Triggered checkpoint 23076 | -8/Garrison | Rescued a captive Derelict 23077 | -8/Garrison | Rescued a captive Derelict 23600 | -8/Garrison | Triggered checkpoint 23738 | -8/Garrison | Expanded RIF knowledge: Patrol Navigation 23776 | -8/Garrison | Garrison Relay disabled 23901 | -8/Garrison | Entered Factory 23901 | -7/Factory | Accompanied by 2 allies 23901 | -7/Factory | Evolved 2 slots: Propulsion x1, Utility x1 23902 | -7/Factory | Identified exit to Lower Caves 23903 | -7/Factory | Identified exit to Factory 23907 | -7/Factory | Loaded intel: 6 recycling unit locations 24056 | -7/Factory | Build established: Scavenger-Tank 25137 | -7/Factory | Repaired Broken Gauss Rifle+ 25182 | -7/Factory | Repaired Imp. Shield Generator 25437 | -7/Factory | Build established: Scavenger-Gunner 25458 | -7/Factory | Central database locked down 25911 | -7/Factory | Identified exit to Garrison 25911 | -7/Factory | Entered Garrison 25993 | -7/Garrison | Triggered checkpoint 26041 | -7/Garrison | Garrison Relay disabled 26134 | -7/Garrison | Triggered checkpoint 26237 | -7/Garrison | Discovered new exit (range 10) 26277 | -7/Garrison | Triggered checkpoint 26360 | -7/Garrison | Garrison Relay disabled 26637 | -7/Garrison | Triggered checkpoint 26667 | -7/Garrison | Build established: Bothacker-Gunner 26786 | -7/Garrison | Expanded RIF knowledge: Robot Detection 26801 | -7/Garrison | Discovered new exit (range 12) 26869 | -7/Garrison | Entered Factory 27480 | -7/Factory | Identified exit to Garrison 27480 | -7/Factory | Entered Garrison 27510 | -7/Garrison | Expanded RIF knowledge: Autoassimilate 27893 | -7/Garrison | Triggered checkpoint 27914 | -7/Garrison | Triggered checkpoint 27915 | -7/Garrison | Triggered checkpoint 27922 | -7/Garrison | P-60 Hacker assimilated allied YR-1A3(h) 27965 | -7/Garrison | Destroyed 7 combat bots 28082 | -7/Garrison | Triggered checkpoint 28222 | -7/Garrison | Garrison Relay disabled 28260 | -7/Garrison | Discovered exit to Factory (range 14) 28495 | -7/Garrison | Discovered exit to Factory (range 10) 28626 | -7/Garrison | Triggered checkpoint 28689 | -7/Garrison | Garrison Relay disabled 28903 | -7/Garrison | Discovered exit to Factory (range 11) 28923 | -7/Garrison | Expanded RIF knowledge: Threat Obfuscation 29028 | -7/Garrison | Garrison Relay disabled 29032 | -7/Garrison | Garrison Relay disabled 29058 | -7/Garrison | Garrison Relay disabled 29064 | -7/Garrison | Garrison Relay disabled 29124 | -7/Garrison | Entered Factory 29124 | -6/Factory | Evolved 2 slots: Utility x2 29256 | -6/Factory | Repaired Gauss Rifle+ 29334 | -6/Factory | Build established: Botlord-Gunner 29369 | -6/Factory | Discovered new exit (range 13) 29693 | -6/Factory | Build established: Botlord-Tank 30094 | -6/Factory | Build established: Botlord-Gunner 30151 | -6/Factory | Discovered new exit (range 9) 30778 | -6/Factory | Discovered new exit (range 4) 31342 | -6/Factory | Central database locked down 31514 | -6/Factory | Identified exit to Garrison 31514 | -6/Factory | Entered Garrison 31579 | -6/Garrison | Garrison Relay disabled 31994 | -6/Garrison | Build established: Botlord-Tank 32002 | -6/Garrison | Triggered checkpoint 32002 | -6/Garrison | Triggered checkpoint 32017 | -6/Garrison | System corruption reached 10% 32050 | -6/Garrison | Lost 3 allies 32100 | -6/Garrison | Discovered new exit (range 13) 32139 | -6/Garrison | Triggered checkpoint 32196 | -6/Garrison | Expanded RIF knowledge: Program Shield 32226 | -6/Garrison | Garrison Relay disabled 32308 | -6/Garrison | Entered Factory 32308 | -5/Factory | Evolved 2 slots: Utility x1, Weapon x1 33434 | -5/Factory | Garrison activated, responded to threat 33652 | -5/Factory | System corruption reached 10% 33774 | -5/Factory | Spotted B-75 Beast 34263 | -5/Factory | Build established: Bothacker-Tank 34468 | -5/Factory | Identified exit to Garrison 34468 | -5/Factory | Entered Garrison 34468 | -5/Garrison | Accompanied by 1 ally 34490 | -5/Garrison | Triggered checkpoint 34558 | -5/Garrison | Lost 7 parts (1n2u4w) 34610 | -5/Garrison | Garrison Relay disabled 34672 | -5/Garrison | Rescued a captive Derelict 34674 | -5/Garrison | Rescued a captive Derelict 34828 | -5/Garrison | Triggered checkpoint 34842 | -5/Garrison | Triggered checkpoint 34854 | -5/Garrison | Triggered checkpoint 34879 | -5/Garrison | Destroyed 9 combat bots 34889 | -5/Garrison | Lost 3 allies 34914 | -5/Garrison | Build established: Botlord-Tank 34940 | -5/Garrison | Triggered checkpoint 34985 | -5/Garrison | Garrison Relay disabled 35074 | -5/Garrison | Spotted B-75 Beast 35092 | -5/Garrison | Destroyed B-75 Beast 35127 | -5/Garrison | Lost 9 parts (2n2u5w) 35392 | -5/Garrison | Triggered checkpoint 35570 | -5/Garrison | Discovered new exit (range 10) 35633 | -5/Garrison | Triggered checkpoint 35648 | -5/Garrison | Garrison Relay disabled 35828 | -5/Garrison | Discovered new exit (range 15) 35978 | -5/Garrison | Expanded RIF knowledge: Code Merge 36019 | -5/Garrison | Entered Factory 36019 | -4/Factory | Evolved 2 slots: Propulsion x1, Utility x1 36341 | -4/Factory | Fabricated Imp. Heavy Treads? 36614 | -4/Factory | Found Hvy. Reflective Plating 37167 | -4/Factory | Discovered new exit (range 6) 37177 | -4/Factory | Entered Extension 37923 | -4/Extension | Build established: Botlord-Gunner 38010 | -4/Extension | Rescued a captive Derelict 38575 | -4/Extension | Spotted B-86 Titan 38591 | -4/Extension | Destroyed B-86 Titan 38609 | -4/Extension | Spotted B-86 Titan 38633 | -4/Extension | Destroyed B-86 Titan 38650 | -4/Extension | Lost 5 allies 38877 | -4/Extension | Disrupted transfer network 38931 | -4/Extension | Rescued A7 39006 | -4/Extension | Build established: Botlord-Tank 39160 | -4/Extension | Rescued a captive Derelict 39161 | -4/Extension | Rescued a captive Derelict 39206 | -4/Extension | Rescued a captive Derelict 39464 | -4/Extension | Discovered new exit (range 10) 39465 | -4/Extension | Discovered new exit (range 6) 39515 | -4/Extension | Entered Cetus 39515 | -4/Cetus | Accompanied by 13 allies (A7) 39520 | -4/Cetus | Acquired a Cetus Manufacturing Module code from A7 39538 | -4/Cetus | Spotted Cetus Guard 39538 | -4/Cetus | Spotted Cetus Guard 39542 | -4/Cetus | Spotted Cetus Guard 39542 | -4/Cetus | Allies destroyed Cetus Guard 39544 | -4/Cetus | Spotted Cetus Guard 39551 | -4/Cetus | Destroyed Cetus Guard 39558 | -4/Cetus | Destroyed Cetus Guard 39561 | -4/Cetus | Allies destroyed Cetus Guard 39722 | -4/Cetus | Discovered new exit (range 15) 39754 | -4/Cetus | Spotted Cetus Guard 39754 | -4/Cetus | Spotted Cetus Guard 39757 | -4/Cetus | Spotted Cetus Guard 39759 | -4/Cetus | Spotted Cetus Guard 39760 | -4/Cetus | Allies destroyed Cetus Guard 39762 | -4/Cetus | Destroyed Cetus Guard 39767 | -4/Cetus | Allies destroyed Cetus Guard 39771 | -4/Cetus | Allies destroyed Cetus Guard 39778 | -4/Cetus | Discovered new exit (range 16) 39788 | -4/Cetus | Met Revision 17 39876 | -4/Cetus | Started Cetus Manufacturing Module 39901 | -4/Cetus | Manufactured an Enhanced Grunt 39926 | -4/Cetus | Manufactured an Enhanced Grunt 39951 | -4/Cetus | Manufactured an Enhanced Grunt 39976 | -4/Cetus | Manufactured an Enhanced Grunt 40001 | -4/Cetus | Manufactured an Enhanced Grunt 40061 | -4/Cetus | Entered Archives 40061 | -4/Archives | Accompanied by 16 allies (A7) 40117 | -4/Archives | Discovered new exit (range 16) 40132 | -4/Archives | Discovered new exit (range 16) 40758 | -4/Archives | Entered Hub_04(d) 40758 | -4/Hub_04(d) | Accompanied by 15 allies 40767 | -4/Hub_04(d) | Discovered new exit (range 13) 40783 | -4/Hub_04(d) | Watched by a mysterious "MATRIX" hacker 40817 | -4/Hub_04(d) | Discovered new exit (range 5) 40819 | -4/Hub_04(d) | Discovered new exit (range 7) 40828 | -4/Hub_04(d) | Spotted B-86 Titan 40837 | -4/Hub_04(d) | Destroyed B-86 Titan 40951 | -4/Hub_04(d) | Discovered new exit (range 9) 41144 | -4/Hub_04(d) | Lost 6 allies 41317 | -4/Hub_04(d) | Garrison activated, responded to threat 41378 | -4/Hub_04(d) | Lost 5 allies 41469 | -4/Hub_04(d) | Lost 4 allies 41489 | -4/Hub_04(d) | Destroyed 10 combat bots 41532 | -4/Hub_04(d) | Build established: Bothacker-Tank 41788 | -4/Hub_04(d) | Entered Research 41788 | -3/Research | Evolved 2 slots: Power x1, Utility x1 41988 | -3/Research | Revision forces began assault on 0b10 42014 | -3/Research | Met up with Revision 17++ 42046 | -3/Research | Build established: Scavenger-Skirmisher 42365 | -3/Research | Discovered new exit (range 18) 42424 | -3/Research | Discovered new exit (range 23) 42488 | -3/Research | Research terminal network offline 42619 | -3/Research | Discovered new exit (range 24) 42620 | -3/Research | Entered Testing 42825 | -3/Testing | Fabricated Exp. Core Analyzer? 42955 | -3/Testing | Spotted Striker 42957 | -3/Testing | Spotted Striker 42961 | -3/Testing | Spotted Alpha 7 42999 | -3/Testing | Destroyed Striker 43007 | -3/Testing | Destroyed Striker 43028 | -3/Testing | Destroyed Alpha 7 43059 | -3/Testing | Lost 10 parts (2p2n1u5w) 43066 | -3/Testing | Destroyed 7 combat bots 43074 | -3/Testing | Found Prototype Device 43083 | -3/Testing | Found Prototype Processor 43226 | -3/Testing | Build established: Scavenger-Tank 43297 | -3/Testing | Garrison activated, responded to threat 43313 | -3/Testing | Lost 4 parts (1n3w) 43334 | -3/Testing | Destroyed 7 combat bots 43336 | -3/Testing | Found Unknown Launcher 43340 | -3/Testing | Identified exit to Garrison 43340 | -3/Testing | Entered Garrison 43381 | -3/Garrison | Triggered checkpoint 43421 | -3/Garrison | Garrison Relay disabled 43694 | -3/Garrison | Spotted B-86 Titan 43727 | -3/Garrison | Build established: Bothacker-Tank 43760 | -3/Garrison | Destroyed B-86 Titan 43806 | -3/Garrison | Identified Fusion Bomb Launcher 43809 | -3/Garrison | Identified Exp. ECM Suite 44394 | -3/Garrison | Triggered checkpoint 44489 | -3/Garrison | Discovered new exit (range 8) 44515 | -3/Garrison | Triggered checkpoint 44569 | -3/Garrison | Garrison Relay disabled 44631 | -3/Garrison | Triggered checkpoint 44750 | -3/Garrison | Triggered checkpoint 44754 | -3/Garrison | System corruption reached 10% 44789 | -3/Garrison | Garrison Relay disabled 44830 | -3/Garrison | Discovered new exit (range 12) 44873 | -3/Garrison | Build established: Botlord-Tank 44892 | -3/Garrison | Entered Research 44892 | -2/Research | Evolved 2 slots: Utility x2 45150 | -2/Research | Discovered new exit (range 15) 45299 | -2/Research | Identified exit to Access 45608 | -2/Research | Discovered exit to Access (range 20) 45656 | -2/Research | Identified exit to Garrison 45656 | -2/Research | Entered Garrison 45705 | -2/Garrison | Triggered checkpoint 45759 | -2/Garrison | Garrison Relay disabled 45888 | -2/Garrison | Triggered checkpoint 45992 | -2/Garrison | Triggered checkpoint 46008 | -2/Garrison | Triggered checkpoint 46041 | -2/Garrison | Lost 3 allies 46052 | -2/Garrison | Triggered checkpoint 46081 | -2/Garrison | Destroyed 11 combat bots 46123 | -2/Garrison | Lost 3 allies 46244 | -2/Garrison | Discovered exit to Access (range 14) 46364 | -2/Garrison | Entered Access 46364 | -1/Access | Accompanied by 1 ally 46364 | -1/Access | Evolved 2 slots: Propulsion x1, Utility x1 46918 | -1/Access | Discovered new exit (range 21) 47379 | -1/Access | Garrison activated, responded to threat 48586 | -1/Access | System corruption reached 10% 48614 | -1/Access | First assault squad dispatched 48899 | -1/Access | Discovered new exit (range 22) 49039 | -1/Access | Entered Command 49352 | -1/Command | Build established: Botlord-Gunner 49867 | -1/Command | Build established: Scavenger-Tank 49918 | -1/Command | Spotted Combat Programmer 49919 | -1/Command | Destroyed Combat Programmer 49919 | -1/Command | Spotted Combat Programmer 49936 | -1/Command | Spotted M Guard 49939 | -1/Command | Spotted M Guard 49950 | -1/Command | Destroyed Combat Programmer 49973 | -1/Command | Destroyed M Guard 49973 | -1/Command | All MAIN.C guards destroyed 49995 | -1/Command | Lost 12 parts (4n4u4w) 50230 | -1/Command | Found Hvy. Reactive Plating 50279 | -1/Command | System corruption reached 30% 50607 | -1/Command | Found Unknown Protection 50607 | -1/Command | Identified Hvy. Reflective Plating 50742 | -1/Command | Build established: Scavenger-Gunner 51270 | -1/Command | Met MAIN.C 51316 | -1/Command | Destroyed MAIN.C Shell 51319 | -1/Command | MAIN.C activated Command garrisons 51320 | -1/Command | 0b10 Conduit disabled 51350 | -1/Command | Lost 6 parts (1p4u1w) 51351 | -1/Command | Destroyed MAIN.C 51381 | -1/Command | Discovered new exit (range 38) 51381 | -1/Command | Discovered new exit (range 88) 51381 | -1/Command | Extracted map data and part IDs from MAIN.C's data core 53531 | *** | Establishing 0b11! Last Messages --------------- 53300_ Acquired 6 matter. 53314_ A:BY7CVRFNZVJM 3 USV5Q6 53347_ System corrupted: Matter fused (-9). 53358_ Acquired 2 matter. 53363_ YGJ7<8IV7BA1%91&U4H:NM1 53382_ System corrupted: Matter fused (-9). 53400_ R U|KYH:E6N4BQ/FYKOTBIREFH1WX9|U7M0LUNN 53420_ System corrupted: Energy discharge (-198). 53425_ Acquired 16 matter. 53435_ System corrupted: Matter fused (-8). 53466_ Acquired 8 matter. 53467_ 0ISIIU%IH,F>C%MORAU1KA0XDBLOHYIURR B 53482_ System corrupted: Heat flow error (+103). 53497_ BIJVI Q<7BCI >D#JS5N4Z,TX:0XLLI1VR 53512_ 0Z2|DWSFW NA|7%=UUOQ:6 VG=8KWOXWOR7SFA [Achievement: 50k Club] [Achievement: 75k Club] [Achievement: Punisher] [Achievement: Commander 0b11] [Achievement: Victory By Combat] Map ----- +----------------------------------------------------+ | ????????????# """#????# #?????????????? | | ????????????# "" #????# #?????????????? | | ????????????# #????#! #?????????????? | | ????????????# ###### #?????????????? | | ##################+### # #?????????????? | | # "" #?????????????? | | + """" #?????????????? | | ######## # """" #?????????????? | | #??????# """" # "" #?????????????? | | #??????# """" #######+######?????????? | | #??????# """" # #?????????? | | #??????# """" # #?????????? | | ##+######### # #?????????? | | ## # #?????????? | | * ## # #?????????? | | ## + #?????????? | | ## ""T"" # #?????????? | | ## """"" ## #?????????? | | ! ## ###### ## #?????????? | | ############ #????# ## #?????????? | | """"# #???# #????# ## #?????????? | | " + #???# #????# ## #?????????? | | " + #???# #????# ###############?????????? | | " + #???# #????# ###?????????????????????? | | """ # #???# #????# #??##########?????????? | | ##### ##### ##???# @ #??# "" #?????????? | | ????# %#???# #??# """" #?????????? | | ????# %#???######??# """" #?????????? | | ????# ########%[############# "" #?????????? | | ????# # "" # ## #?????????? | | ##### # #" # ## #?????????? | | %! # + # = ## ] #?????????? | | [ # ## + ## #?######### | | # ## # ## #?#???????? | | # ## # ######"+"##?#?####### | | =##[##### ####+############ %##?#?#"""""" | | =%*%[ *%= =!%!%! "#?#?#"" | | ! != =############ #??#?#""""" | | ##????# #?## #??#?#"""""" | | ###################" "###### ###" #??#?#" " | | ############# ###### " #??#?#"" "" | | # """" ## " *% % #??#?#"" "" | | # ""R"" ## # ! #??#?# " "" | | # "" "" =][ ## # !!! % #??#?# " | | # ][[ ## # %!! #??#?# " | | + *][ ## # ! !!% #??#?#"""""" | | # = !%! + # =* #??#?#"" | | # % = # # = #??#?# | | ############+####### # % #??#?# * | | # + # !###### % | +----------------------------------------------------+ Best States ------------- Heat Dissipation 110 Energy Generation 45 Energy Capacity 600 Matter Stores 300 Matter Capacity 300 Sight Range 16 Robot Scan Range 16 Terrain Scan Range 24 Terrain Scan Density 210 ECM Strength 3 Armor Coverage 2100 Resistance: KI 40 Resistance: TH 25 Core Shielding 20 Utility Shielding 66 Point Defense Rating 80 Evasion (%) 44 Targeting Accuracy 16 Target Analysis 8 Core Analysis 8 Armor Integrity Analysis 40 Recoil Reduction 6 Particle Charging 20 Kinecelleration 40 Salvage Targeting 3 Relay Coupler Types 4 Relay Coupler Value 140 Item Schematics ----------------- Plasma Cutter | -9/Materials | Scanalyzed Huge Storage Unit | -9/Storage | Hacked Imp. Heavy Treads | -5/Factory | Scanalyzed Robot Schematics ------------------ None Fabricated ------------ Imp. Heavy Treads | x1 | -4/Factory Exp. Core Analyzer | x1 | -3/Testing | Preloaded Repaired ---------- Lgt. Treads | 15% | -9/Storage Hvy. Ion Engine | 46% | -9/Storage Lgt. Cannon | 74% | -9/Storage Lgt. Treads | 44% | -9/Storage Imp. Assault Rifle | 70% | -9/Storage Gauss Rifle | 26% | -8/Materials | Broken Gauss Rifle | 39% | -7/Factory | Broken Imp. Shield Generator | 22% | -7/Factory Gauss Rifle | 9% | -6/Factory Studied --------- Autogun | -9/Materials | Hacked Gauss Rifle | -8/Materials | Hacked Med. Treads | -7/Factory | Hacked Lgt. Treads | -7/Factory | Hacked Coil Gun | -6/Factory | Hacked Arm. Treads | -6/Factory | Hacked Hvy. Machine Gun | -6/Factory | Hacked Fission Core | -6/Factory | Hacked Railgun | -2/Research | Hacked Particle Reactor | -2/Research | Hacked Alien Tech Used ----------------- None Achievements -------------- 50k Club 75k Club Commander 0b11 Corridor Of Doom Giant Slayer No Explosion For You Punisher Treasure Hunter Tune-up Victory By Combat void main() Challenges ------------ None Game ------ Seed HybridExoskeletonClaymores Manual? 0 Play Time 11:48:11 Cumulative 363.2 hours Start 2026.07.23 @ 16:40:23 End 2026.07.24 @ 06:51:52 Sessions 3 Manual Loads 0 Difficulty Rogue Special Mode None Game No. 124 Rogue 124 Adventurer 0 Explorer 0 Win Type 1 Total 16 Types 11/1/1/0/1/0/0/0/0/2 Lore% 60 Gallery% 52 Achievement% 49 Wizard Run 0 Options --------- Layout 0 ASCII 0 Keyboard 0 Movement Numpad Keybinds 0 Fullscreen 1 Font 20/SmallcapsGlow Map View 90x57 Zoom Use 0% Tactical HUD 1 Map Filters NONE Filters BRIGHTNESS(200) Steam 1 RUN: ca2392ee-3d9b-47a4-af67-6c0ed13008e0